 Dungeon Crawl Stone Soup version 0.31-a0-1096-g246cf0196b (webtiles) character file.

Game seed: 4275717416108381273

1501507 MackTheKnife the Warrior (level 25, 221/221 HPs)
             Began as a Demonspawn Conjurer on Nov 26, 2023.
             Was a High Priest of Ashenzari.
             Escaped with the Orb
             ... and 3 runes on Nov 29, 2023!
             The game lasted 03:26:43 (82925 turns).

MackTheKnife the Warrior (Demonspawn Conjurer)     Turns: 82925, Time: 03:26:43

Health: 221/221    AC: 25    Str: 21    XL:     25   Next: 41%
Magic:  46/46      EV: 32    Int: 23    God:    Ashenzari [*****.]
Gold:   3079       SH: 25    Dex: 26    Spells: 2/62 levels left

rFire   + + .        a - +6 demon trident "Eternal Skepticism" {vamp, polearm, Elem, Cun} (curse)
rCold   + + .        p - +5 kite shield of Supernal Knowledge {Regen+ rCorr Str+4 Dex-4, Melee, Self} (curse)
rNeg    + + +        U - +1 leather armour of Ashenzari's Pleiades {rF+ rC+ Dex+4 Stlth+, Cun, Melee} (curse)
rPois   .            (helmet unavailable)
rElec   .            E - +2 cloak {Will+}
rCorr   +            r - +0 pair of gloves of Apeoromancy {Slay+3 Stlth+, Comp, Bglg} (curse)
SInv    +            Q - +2 pair of boots "Distant Adversity" {Stlth+, Fort, Elem} (curse)
Will    ++++.        A - amulet "Circumscribed Prison" {Acrobat Fly Regen+ Dex+3, Cun, Melee} (curse)
Stlth   +++          T - ring of Ashenzari's Augurer {rC- rN+++ Will++ Str+6 SInv, Alch, Self} (curse)
HPRegen 2.16/turn    R - ring "Portent of Ashenzari" {Dex+6, Self, Comp} (curse)
MPRegen 0.30/turn

%: acrobat, clarity
@: flying, studying Invocations
A: horns 3, icy blue scales 3, icemail 2, powered by pain 3, condensation
shield, corrupting presence 2, berserk 1, cold resistance 1, fire resistance 1
0: Orb of Zot
}: 3/15 runes: barnacled, slimy, gossamer
a: Renounce Religion, Curse Item, Shatter the Chains


You escaped.
You worshipped Ashenzari.
Ashenzari was extremely pleased with you.
You visited 11 branches of the dungeon, and saw 52 of its levels.
You also visited: Trove and Desolation.

You collected 9105 gold pieces.
You spent 6026 gold pieces at shops.


Innate Abilities, Weirdness & Mutations

You have a pair of large horns on your head.
You are completely covered in icy blue scales. (AC +4, rC+)
A meltable icy envelope protects you from harm. (AC +8)
You are powered by pain.
A meltable shield of frost defends you. (SH +4)
Your presence sometimes corrodes or deforms those you injure.
You sometimes lose your temper in combat.
Your flesh is cold resistant. (rC+)
Your flesh is heat resistant. (rF+)


   Skills:
 + Level 19.7(23.5) Fighting
 - Level 2.5(5.7) Short Blades
 - Level 6.1(10.2) Maces & Flails
 - Level 10.0(14.2) Polearms
 - Level 5.8(8.0) Armour
 + Level 18.1(22.0) Dodging
 - Level 2.5(5.7) Stealth
 - Level 14.7(16.7) Shields
 - Level 14.9(19.0) Spellcasting
 - Level 19.2(21.1) Conjurations
 - Level 7.0(9.2) Hexes
 - Level 16.4(19.4) Summonings
 - Level 13.0(16.1) Necromancy
 - Level 8.0(10.2) Translocations
 - Level 7.5(9.7) Transmutations
 - Level 5.9(9.1) Ice Magic
 - Level 5.9(9.1) Air Magic
 - Level 8.4(11.6) Earth Magic
 - Level 5.8 Evocations


You had 2 spell levels left.
You knew the following spells:

 Your Spells              Type           Power      Damage    Failure   Level
a - Wereblood             Tmut           61%        N/A       1%          2
b - Yara's Violent Unrav  Hex/Tmut       30%        3d13      2%          5
c - Death Channel         Necr           38%        N/A       1%          6
d - Borgnjor's Vile Clut  Necr/Erth      36%        N/A       1%          5
e - Irradiate             Conj/Tmut      37%        3d24      1%          5
f - Leda's Liquefaction   Hex/Erth       31%        N/A       1%          4
g - Lehudib's Crystal Sp  Conj/Erth      38%        10d10     28%         8
i - Freezing Cloud        Conj/Ice/Air   35%        6-21      1%          5
j - Summon Forest         Summ/Tloc      37%        N/A       1%          5
k - Bombard               Conj/Erth      38%        9d7       1%          6
B - Blink                 Tloc           100%       N/A       1%          2
H - Spellforged Servitor  Conj/Summ      43%        N/A       1%          7

Your spell library contained the following spells:

 Spells                   Type           Power      Damage    Failure   Level
 Kiss of Death            Conj/Necr      100%       2d13      0%          1
 Magic Dart               Conj           100%       1d8       0%          1
 Necrotise                Necr           100%       1d9       0%          1
 Shock                    Conj/Air       100%       1d9       0%          1
 Summon Small Mammal      Summ           100%       N/A       0%          1
 Call Imp                 Summ           100%       N/A       0%          2
 Momentum Strike          Conj/Tloc      100%       3d10      0%          2
 Searing Ray              Conj           100%       2d8       0%          2
 Static Discharge         Conj/Air       100%       3-8/arc   0%          2
 Sublimation of Blood     Necr           77%        N/A       0%          2
 Foxfire                  Conj/Fire      100%       2x1d9     1%          1
 Freeze                   Ice            100%       1d10      1%          1
 Sandblast                Erth           100%       2d20      1%          1
 Slow                     Hex            100%       N/A       1%          1
 Sting                    Tmut/Pois      100%       1d8       1%          1
 Cigotuvi's Dreadful Rot  Necr/Pois/Air  100%       N/A       1%          2
 Ensorcelled Hibernation  Hex/Ice        100%       N/A       1%          2
 Jinxbite                 Hex            100%       N/A       1%          2
 Lesser Beckoning         Tloc           100%       N/A       1%          2
 Passwall                 Tmut/Erth      52%        N/A       1%          2
 Poisonous Vapours        Pois/Air       86%        N/A       1%          2
 Call Canine Familiar     Summ           84%        N/A       0%          3
 Stone Arrow              Conj/Erth      100%       3d13      0%          3
 Vampiric Draining        Necr           77%        2d11      0%          3
 Confusing Touch          Hex            59%        N/A       1%          3
 Dazzling Flash           Conj/Hex       100%       N/A       1%          3
 Frozen Ramparts          Ice            100%       1d16      1%          3
 Gell's Gravitas          Tloc           62%        N/A       1%          3
 Hailstorm                Conj/Ice       75%        3d15      1%          3
 Inner Flame              Hex/Fire       44%        N/A       1%          3
 Ozocubu's Armour         Ice            59%        N/A       1%          3
 Sigil of Binding         Hex            59%        N/A       1%          3
 Summon Guardian Golem    Hex/Summ       73%        N/A       1%          3
 Swiftness                Air            59%        N/A       1%          3
 Teleport Other           Tloc           62%        N/A       1%          3
 Tukima's Dance           Hex            59%        N/A       1%          3
 Airstrike                Air            29%        2d(5-21)  1%          4
 Anguish                  Hex/Necr       34%        N/A       1%          4
 Animate Armour           Summ/Erth      100%       N/A       1%          4
 Animate Dead             Necr           77%        N/A       1%          4
 Brom's Barrelling Bould  Conj/Erth      77%        2d9       1%          4
 Cause Fear               Hex            29%        N/A       1%          4
 Dimensional Bullseye     Hex/Tloc       30%        N/A       1%          4
 Dispel Undead            Necr           77%        3d25      1%          4
 Flame Wave               Conj/Fire      64%        2d15      1%          4
 Fulminant Prism          Conj/Hex       37%        3d17      1%          4
 Iskenderun's Mystic Bla  Conj/Tloc      76%        2d15      1%          4
 Manifold Assault         Tloc           62%        N/A       1%          4
 Passage of Golubria      Tloc           62%        N/A       1%          4
 Petrify                  Tmut/Erth      63%        N/A       1%          4
 Sticky Flame             Conj/Fire      64%        2d8       1%          4
 Summon Ice Beast         Ice/Summ       73%        N/A       1%          4
 Summon Lightning Spire   Summ/Air       73%        N/A       1%          4
 Vhi's Electric Charge    Tloc/Air       100%       N/A       1%          4
 Agony                    Necr           77%        N/A       1%          5
 Arcjolt                  Conj/Air       37%        1d47      1%          5
 Fireball                 Conj/Fire      32%        3d14      1%          5
 Iskenderun's Battlesphe  Conj           87%        2d13      1%          5
 Lee's Rapid Deconstruct  Erth           33%        3d17*     1%          5
 Summon Mana Viper        Hex/Summ       73%        N/A       1%          5
 Conjure Ball Lightning   Conj/Air       37%        3x3d12    1%          6
 Summon Cactus Giant      Summ           42%        N/A       1%          6
 Haunt                    Necr/Summ      40%        N/A       1%          7
 Monstrous Menagerie      Summ           42%        N/A       1%          7
 Orb of Destruction       Conj           43%        9d12      1%          7
 Summon Hydra             Summ           42%        N/A       1%          7
 Ignite Poison            Fire/Tmut/Pois 37%        N/A       2%          3
 Metabolic Englaciation   Hex/Ice        29%        N/A       2%          5
 Simulacrum               Ice/Necr       34%        N/A       3%          6
 Starburst                Conj/Fire      32%        6d10      7%          6
 Malign Gateway           Summ/Tloc      37%        N/A       7%          7
 Dispersal                Tloc           31%        N/A       9%          6
 Summon Horrible Things   Summ           42%        N/A       9%          8
 Olgreb's Toxic Radiance  Pois           23%        N/A       32%         4
 Eringya's Noxious Bog    Tmut/Pois      22%        4d6       58%         6
 Enfeeble                 Hex            29%        N/A       58%         7
 Ozocubu's Refrigeration  Ice            29%        4d14      58%         7
 Dragon's Call            Summ           42%        N/A       77%         9
 Disjunction              Tloc           31%        N/A       98%         8
 Maxwell's Capacitive Co  Air            29%        ∞         99%         8
 Ignition                 Fire           11%        3d5       100%        8
 Chain Lightning          Conj/Air       37%        3d50      100%        9
 Shatter                  Erth           33%        3d27*     100%        9

Inventory:

Hand Weapons
 a - the cursed +6 demon trident "Eternal Skepticism" (weapon) {vamp, polearm, Elem, Cun}
   (You took it off Urug on level 1 of the Orcish Mines)

   It has a curse which improves the following skills: Elements: Fire Magic, Ice
   Magic, Air Magic and Earth Magic.
   Cunning:   Dodging and Stealth.
Armour
 p - the cursed +5 kite shield of Supernal Knowledge (worn) {Regen+ rCorr Str+4 Dex-4, Melee, Self}
   (You bought it in a shop on level 2 of the Orcish Mines)

   Str+4:     It affects your strength (+4).
   Dex-4:     It affects your dexterity (-4).
   Regen+:    It increases your rate of health regeneration.
   rCorr:     It protects you from acid and corrosion.
   It has a curse which improves the following skills: Melee Combat: Short
   Blades, Long Blades, Axes, Maces & Flails, Polearms, Staves and Unarmed
   Combat.
   Introspection: Fighting and Spellcasting.
 r - the cursed +0 pair of gloves of Apeoromancy (worn) {Slay+3 Stlth+, Comp, Bglg}
   (You acquired it on level 3 of the Depths)

   Slay+3:    It affects your accuracy & damage with ranged weapons and melee
   (+3).
   Stlth+:    It makes you more stealthy.
   It has a curse which improves the following skills: Companions: Summonings
   and Necromancy.
   Beguiling: Conjurations, Hexes and Translocations.
 E - a +2 cloak of willpower (worn)
   (You took it off a draconian stormcaller on level 1 of the Realm of Zot)
 Q - the cursed +2 pair of boots "Distant Adversity" (worn) {Stlth+, Fort, Elem}
   (You found it in the Desolation of Salt)

   It has a curse which improves the following skills: Fortitude: Armour and
   Shields.
   Elements:  Fire Magic, Ice Magic, Air Magic and Earth Magic.
 U - the cursed +1 leather armour of Ashenzari's Pleiades (worn) {rF+ rC+ Dex+4 Stlth+, Cun, Melee}
   (You found it in the Desolation of Salt)

   Dex+4:     It affects your dexterity (+4).
   rF+:       It protects you from fire.
   rC+:       It protects you from cold.
   Stlth+:    It makes you more stealthy.
   It has a curse which improves the following skills: Cunning: Dodging and
   Stealth.
   Melee Combat: Short Blades, Long Blades, Axes, Maces & Flails, Polearms,
   Staves and Unarmed Combat.
Jewellery
 v - a ring of poison resistance
   (You took it off a tengu warrior on level 4 of the Depths)
 A - the cursed amulet "Circumscribed Prison" (around neck) {Acrobat Fly Regen+ Dex+3, Cun, Melee}
   (You took it off a skeletal warrior on level 13 of the Dungeon)

   [amulet of the acrobat]

   Acrobat:   It increases your evasion while moving and waiting.
   Dex+3:     It affects your dexterity (+3).
   Fly:       It grants you flight.
   Regen+:    It increases your rate of health regeneration.
   It has a curse which improves the following skills: Cunning: Dodging and
   Stealth.
   Melee Combat: Short Blades, Long Blades, Axes, Maces & Flails, Polearms,
   Staves and Unarmed Combat.
 B - the amulet "Munehaimp" {Acrobat rElec rF+ Will++ Stlth+}
   (You found it on level 4 of the Realm of Zot)

   [amulet of the acrobat]

   Acrobat:   It increases your evasion while moving and waiting.
   rF+:       It protects you from fire.
   rElec:     It insulates you from electricity.
   Will++:    It greatly increases your willpower.
   Stlth+:    It makes you more stealthy.
 C - the ring "Tiogo" {rF+ Will+}
   (You found it on level 5 of the Pits of Slime)

   [ring of protection from fire]

   rF+:       It protects you from fire.
   Will+:     It increases your willpower.
 G - the macabre finger necklace {Finger+ rN+}
   (You found it on level 13 of the Dungeon)

   [amulet of nothing]

   Finger+:   It enables you to equip an extra ring.
   rN+:       It protects you from negative energy.
 R - the cursed ring "Portent of Ashenzari" (right hand) {Dex+6, Self, Comp}
   (You took it off a deep elf elementalist on level 3 of the Elven Halls)

   [ring of dexterity]

   Dex+6:     It affects your dexterity (+6).
   It has a curse which improves the following skills: Introspection: Fighting
   and Spellcasting.
   Companions: Summonings and Necromancy.
 T - the cursed ring of Ashenzari's Augurer (left hand) {rC- rN+++ Will++ Str+6 SInv, Alch, Self}
   (You found it in the Desolation of Salt)

   [ring of strength]

   Str+6:     It affects your strength (+6).
   rC-:       It makes you vulnerable to cold.
   rN+++:     It renders you almost immune to negative energy.
   Will++:    It greatly increases your willpower.
   SInv:      It lets you see invisible.
   It has a curse which improves the following skills: Alchemy: Poison Magic and
   Transmutations.
   Introspection: Fighting and Spellcasting.
Wands
 j - a wand of digging (18)
   (You found it on level 3 of the Dungeon)
 q - a wand of mindburst (30)
   (You took it off a gnoll on level 8 of the Dungeon)
 x - a wand of flame (91)
   (You found it on level 10 of the Dungeon)
 L - a wand of roots (35)
   (You found it on level 2 of the Spider Nest)
Scrolls
 c - 4 scrolls of enchant armour
 d - 6 scrolls of fog
 h - 3 scrolls of fear
 k - 2 scrolls of immolation {!r!r}
 l - 3 scrolls of poison {!r}
 n - 5 scrolls of vulnerability {!r!r}
 w - 5 scrolls of revelation
 y - 5 scrolls of enchant weapon
 z - a scroll of brand weapon
 D - 4 scrolls of blinking {!r}
 K - 14 scrolls of teleportation {@r4}
 O - 2 scrolls of silence {!r}
Potions
 b - 5 potions of ambrosia
 e - 5 potions of resistance
 f - 4 potions of might
 g - 18 potions of curing {@q1}
 i - 6 potions of lignification {!q}
 m - 6 potions of enlightenment
 o - 3 potions of magic
 s - 8 potions of mutation {!q}
 u - 4 potions of heal wounds {@q2}
 I - 3 potions of cancellation
 J - 7 potions of brilliance
 P - a potion of haste {@q3}
Miscellaneous
 F - a condenser vane
   (You found it on level 2 of the Lair of Beasts)
 N - a lightning rod (4/4)
   (You found it on level 4 of the Shoals)

Dungeon Overview and Level Annotations

Branches:
Dungeon (15/15)            Temple (1/1) D:6            Lair (5/5) D:11
 Shoals (4/4) Lair:3       Spider (4/4) Lair:3        Slime (5/5) Lair:4
    Orc (2/2) D:11            Elf (3/3) Orc:2        Vaults (4/5) D:13
  Crypt (0/3) Vaults:2     Depths (4/4) D:15            Zot (5/5) Depths:4
Desolation (visited)

Altars:
Ashenzari
Cheibriados
Dithmenos
Fedhas
Gozag
Hepliaklqana
Kikubaaqudgha
Makhleb
Nemelex Xobeh
Okawaru
Qazlal
Ru
Sif Muna
Trog
Uskayaw
Vehumet
Wu Jian
Xom
Yredelemnul
Jiyva

Shops:
Orc:1 :   Orc:2 ([(*(   Elf:1 [?![   Elf:2 (   Shoals:3 :(   Vaults:1 [
Depths:3 [*

Portals:
Hell: Depths:1 Depths:2 Depths:3 Depths:4
Abyss: Depths:3 Depths:4
Pandemonium: Depths:2
Ziggurat: Depths:4

Annotations:
D:4 exclusion: downstairs
D:5 exclusion: downstairs
D:6 1 runed translucent door, Crazy Yiuf
Lair:2 3 runed translucent doors, exclusion: 2 downstairs, Gyula's ghost, journeyman OpSh
Lair:5 exclusion: spriggan
Spider:1 Azrael; Jorgrun; Kirke
Spider:2 exclusion: upstairs
Slime:5 exclusion: upstairs
Elf:2 3 runed translucent doors, Roxanne
Vaults:3 exclusion: 3 downstairs
Vaults:4 Mennas
Depths:1 exclusion: 2 ice statues
Zot:2 3 runed translucent doors, Eghefix's ghost, legendary GnFi
Zot:5 3 runed translucent doors, Dety Ygi's ghost, veteran MiMo; Eghefix's ghost, legendary GnFi; Sial's ghost, veteran MiMo

#.....#.#.##..#.#.##............
#####.#.#.###.#.#...............
######.#.#.....#.#......#########
.......#.####.##.##.....#
########.####.#...#.....#
####..........#...#.....# ####
#......#.######...##....# #...
#.##.#'#.## #.....#.#### #...
#.#.......# #..@..#.# #...
#.#.......# #.....#.###### #...
#.##......# ##...##......# #...
#.........# #...##.####.## #...
####......# #...##.# #..###...
######## ##.###.# ##..##... #.#
#.# ###.##... #.# #.# #....#...
##########.###.# #....#...


There were no monsters in sight!


Message History

Your butterfly is engulfed in blazing flames.
Your butterfly dies!
Your butterfly disappears in a burst of colours!
Your butterfly is engulfed in blazing flames.
Your butterfly dies!
Your butterfly disappears in a burst of colours!
Your butterfly is engulfed in blazing flames.
Your butterfly dies!
Your butterfly disappears in a burst of colours!
The hellwing is engulfed in blazing flames.
The hellwing closely misses your butterfly.
The hellwing completely misses your butterfly.
The rust devil hits your butterfly!
Your butterfly dies!
Your butterfly disappears in a burst of colours!
Qeofuev bursts into living lightning!
The living lightning hits your butterfly!!!
Your butterfly dies!
Your butterfly disappears in a burst of colours!
The living lightning hits your butterfly!!
Your butterfly dies!
Your butterfly disappears in a burst of colours!
The living lightning hits you!
The living lightning hits your butterfly!!
Your butterfly dies!
Your butterfly disappears in a burst of colours!
Qeofuev blinks!
There is a stone staircase leading up here. 😕 HP[-13]
You take 13 damage, and now have 171/221 hp.
Your butterfly is engulfed in blazing flames.
Your butterfly dies!
Your butterfly disappears in a burst of colours!
Your butterfly is engulfed in blazing flames.
Your butterfly dies!
Your butterfly disappears in a burst of colours!
You fly upwards.
Level annotation: 1 runed translucent door, Crazy Yiuf
There is a stone staircase leading down here. 😕 HP[+3]
You regained 3 hp, and now have 174/221 hp. 😕 HP[+2]
You regained 2 hp, and now have 176/221 hp. 😕 HP[+1] 😕 HP[+2]
You regained 2 hp, and now have 179/221 hp. 😕 HP[+1]
There is a stone staircase leading up here. 😕 HP[+1]
You fly upwards.
Level annotation: exclusion: downstairs
There is a stone staircase leading down here. 😕 HP[+4]
You regained 4 hp, and now have 185/221 hp.
What level of the Dungeon? (default 1, ? - help)
Okay, then.
Unknown command.
Unknown command.
What level of the Dungeon? (default 1, ? - help)
You sense a monster nearby. 😕 HP[+25]
You regained 25 hp, and now have 210/221 hp. 😕 HP[+1]
There is a stone staircase leading up here. 😕 HP[+2]
You regained 2 hp, and now have 213/221 hp.
You fly upwards.
Level annotation: exclusion: downstairs
There is a stone staircase leading down here. 😕 HP[+3]
You regained 3 hp, and now have 216/221 hp.
What level of the Dungeon? (default 1, ? - help)
Your extra speed is starting to run out.
A Brimstone Fiend comes into view. 😎 HP[+5]
Your hp is fully restored (221).
Unknown command.
Unknown command.
Unknown command.
There is a stone staircase leading up here.
Unknown command.
You feel yourself slow down.
You fly upwards.
There is a stone staircase leading down here.
Okay, then.
Unknown command.
Unknown command.
What level of the Dungeon? (default 1, ? - help)
Your icy envelope is restored.
You see here a +0 club {mace}.
Things that are here:
a +0 heavy trident {polearm}; a +1 dagger of protection {short}
There is a stone staircase leading up here.
You fly upwards.
There is a stone staircase leading down here.
There is a stone staircase leading up here.
You fly upwards.
There is a stone staircase leading down here.
There is a staircase leading out of the dungeon here.
You have escaped!

Skill      XL: |  1  2  3  4  5  6  7  8  9 10 11 12 13 14 15 16 17 18 19 20 21 22 23 24 25 |
---------------+----------------------------------------------------------------------------+-----
Stealth        | 2 |  2.5
Fighting       | 2 3 4 5 9 10 11 12 13 15 16 17 18 19 | 19.7
Spellcasting   | 3 4 6 10 12 14 | 14.9
Conjurations   | 5 6 9 10 11 12 14 19 | 19.2
Dodging        | 2 4 6 8 9 11 13 14 15 17 18 | 18.1
Summonings     | 2 7 9 10 16 | 16.4
Earth Magic    | 1 4 8 |  8.4
Shields        | 3 5 9 12 13 14 | 14.7
Short Blades   | 2 |  2.5
Transmutations | 5 6 7 |  7.5
Maces & Flails | 5 6 |  6.1
Hexes          | 4 6 7 |  7.0
Polearms       | 1 6 10 | 10.0
Translocations | 2 7 8 |  8.0
Ice Magic      | 1 5 |  5.9
Air Magic      | 1 5 |  5.9
Armour         | 5 |  5.8
Evocations     | 5 |  5.8
Necromancy     | 11 13 | 13.0

Action                     |  1- 3 |  4- 6 |  7- 9 | 10-12 | 13-15 | 16-18 | 19-21 | 22-24 | 25-27 || total
---------------------------+-------+-------+-------+-------+-------+-------+-------+-------+-------++-------
  Melee: Dagger            |     6 |     7 |    22 |    97 |       |       |       |       |       ||   132
         Trident           |       |     1 |       |       |       |       |       |       |       ||     1
         Headbutt          |       |     1 |     5 |    38 |   150 |   280 |   436 |   444 |    26 ||  1380
         Demon whip        |       |       |       |    48 |   122 |       |       |       |       ||   170
         Demon trident     |       |       |       |       |   608 |  1132 |  1556 |  1358 |    78 ||  4732
  Throw: Dart              |       |     6 |       |       |    12 |       |       |       |       ||    18
   Cast: Magic Dart        |    66 |   119 |    96 |    97 |       |       |       |       |       ||   378
         Searing Ray       |     4 |    22 |    50 |     1 |       |       |       |       |       ||    77
         Call Canine Famil |       |       |    26 |    51 |    92 |     3 |       |       |       ||   172
         Stone Arrow       |       |       |    25 |   237 |   357 |   152 |    15 |     2 |       ||   788
         Irradiate         |       |       |       |    13 |    93 |    73 |    44 |    16 |     2 ||   241
         Leda's Liquefacti |       |       |       |       |    28 |    16 |    35 |    15 |     1 ||    95
         Summon Mana Viper |       |       |       |       |    19 |    35 |     9 |     5 |       ||    68
         Freezing Cloud    |       |       |       |       |     5 |   123 |   117 |    87 |       ||   332
         Wereblood         |       |       |       |       |       |    12 |    25 |    18 |     1 ||    56
         Yara's Violent Un |       |       |       |       |       |     5 |    11 |     3 |       ||    19
         Summon Forest     |       |       |       |       |       |       |    13 |    22 |     5 ||    40
         Spellforged Servi |       |       |       |       |       |       |       |    78 |    12 ||    90
         Bombard           |       |       |       |       |       |       |       |    36 |    13 ||    49
         Blink             |       |       |       |       |       |       |       |     1 |       ||     1
         Death Channel     |       |       |       |       |       |       |       |    14 |     1 ||    15
         Borgnjor's Vile C |       |       |       |       |       |       |       |    16 |     8 ||    24
 Invoke: Curse Item        |       |       |     4 |     4 |     3 |     3 |     4 |     2 |       ||    20
         Shatter the Chain |       |       |       |     4 |     2 |     3 |     1 |     2 |       ||    12
  Evoke: Wand              |       |       |     7 |     7 |    20 |    40 |     1 |     2 |     1 ||    78
         Condenser vane    |       |       |       |     1 |     4 |     2 |     1 |     2 |       ||    10
         Lightning rod     |       |       |       |       |       |       |     4 |     1 |       ||     5
    Use: Scroll            |       |     3 |     3 |     5 |    12 |     8 |     3 |    12 |     6 ||    52
         Potion            |       |     1 |     1 |     2 |     5 |     8 |     2 |     9 |     9 ||    37
   Stab: Distracted        |       |       |       |       |     6 |     4 |    18 |    23 |     2 ||    53
         Sleeping          |       |       |       |       |     5 |    10 |    17 |    10 |       ||    42
         Invisible         |       |       |       |       |       |     2 |     5 |       |       ||     7
 Armour: Robe              |    10 |       |       |       |       |       |       |       |       ||    10
         Leather armour    |       |    17 |    67 |     5 |       |     9 |   322 |   231 |    33 ||   684
         Skin              |       |       |     2 |       |       |       |       |       |       ||     2
         Steam dragon scal |       |       |       |   133 |   472 |   412 |       |       |       ||  1017
  Dodge: Dodged            |    10 |    12 |    76 |   137 |   341 |   391 |   384 |   432 |    62 ||  1845
  Block: Other             |     2 |     1 |    16 |       |       |       |       |       |       ||    19
         Buckler           |       |       |     6 |   152 |   193 |       |       |       |       ||   351
         Kite shield       |       |       |       |       |   613 |  1211 |   991 |   882 |    95 ||  3792

Levels and vault maps discovered:
D:1:      dpeg_arrival_rhombus, layout_basic
D:2:      layout_basic
D:3:      layout_rooms, jmf_multi_god_temple
D:4:      layout_gridville, mainiacjoe_overflow_six_doors_small, hex_large,
          chequers_jeans
D:5:      layout_loops_ring, general_overflow_altar, nicolae_overflow_squiral
D:6:      layout_basic, minmay_temple_entry_trees, chequers_avenue,
          minivault_14, palyth_stone_intersect, uniq_crazy_yiuf_cottage,
          uniq_maggie
D:7:      layout_basic, mainiacjoe_overflow_surrounded_room,
          kiku_gazebo_pond_becter
D:8:      layout_loops_cross, gammafunk_temple_overflow_forgotten,
          nrook_pool_corridor, uniq_jeremiah
D:9:      layout_loops_ring, nicolae_letterblocks [nicolae_letter_subblock,
          nicolae_letter_subblock, nicolae_letter_subblock,
          nicolae_letter_subblock, nicolae_letter_subblock,
          nicolae_letter_subblock, nicolae_letter_subblock,
          nicolae_letter_subblock, nicolae_letter_subblock,
          nicolae_letter_subblock, nicolae_letter_subblock,
          nicolae_letter_subblock, nicolae_letter_subblock,
          nicolae_letter_subblock, nicolae_letter_subblock,
          nicolae_letter_subblock, nicolae_letter_subblock,
          nicolae_letter_subblock, nicolae_letter_subblock,
          nicolae_letter_subblock, nicolae_letter_subblock,
          nicolae_letter_subblock, nicolae_letter_subblock,
          nicolae_letter_subblock, nicolae_letter_subblock]
D:10:     layout_rooms, lemuel_crystal_altar, mainiacjoe_overflow_alcove_1
D:11:     layout_irregular_city, erik_lair_island
D:12:     layout_long_grid, uniq_fannar
D:13:     layout_basic, hangedman_vaults_entry_quadrant_bands, minivault_4
D:14:     layout_basic, uniq_agnes
D:15:     grunt_enter_depths_snipers, layout_irregular_city, skrybe_limestone_x,
          uniq_josephine, uniq_nessos
Temple:   compressed_dpeg_triangle_lava_temple
Lair:1:   layout_loops_ring, uniq_sonja
Lair:2:   layout_gridlike, gammafunk_ghost_split, minivault_25, st_stairs_8,
          lemuel_fruit_tree, uniq_amaemon
Lair:3:   layout_big_grid, elwin_shoals_entry_rooms, dummy_spider_entry,
          portal_ice_cave_entry_pillars_2, worms_lemuel, grunt_megastairs_5,
          lemuel_fruit_fields, infiniplex_staircase_pool, uniq_gastronok
Lair:4:   layout_gridlike, slime_entry_1
Lair:5:   hellmonk_lair_end_abyssal_woods, layout_long_grid,
          grunt_forest_stairs_basic, uniq_rupert
Shoals:1: layout_shoals
Shoals:2: cheibrodos_shoals_baths, layout_shoals
Shoals:3: layout_shoals, serial_shops, shop, shop,
          nicolae_shoals_lost_giant_amphitheater,
          nicolae_shoals_beach_house_on_fowls_legs
Shoals:4: shoals_end_hellmonk_lost_city, uniq_polyphemus
Spider:1: layout_spider_delve, hangedman_spider_tarantella_strand, uniq_kirke,
          uniq_azrael, uniq_jorgrun, uniq_frances
Spider:2: nicolae_spider_broodchamber, nicolae_spider_spiderdrome, uniq_arachne
Spider:3: layout_spider_delve, nicolae_spider_not_touching_you, uniq_aizul,
          uniq_nikola, uniq_asterion
Spider:4: grunt_spider_rune_circles
Slime:1:  layout_caves
Slime:2:  layout_caves
Slime:3:  layout_caves
Slime:4:  layout_caves, nicolae_slime_phagocytosis
Slime:5:  slime_pit_nicolae_inversion
Orc:1:    layout_caves, basic_altar, nicolae_shop_self_help, uniq_urug
Orc:2:    grunt_orc_community_town_hall, layout_caves,
          grunt_orc_community_big_house_2, grunt_orc_community_big_house_1,
          grunt_orc_community_house_1, grunt_orc_community_house_3,
          grunt_orc_community_house_1, grunt_orc_community_house_2,
          grunt_orc_community_house_2, grunt_orc_community_house_1,
          serial_shops, shop
Elf:1:    eino_elf_arrival_sip, layout_geoelf_octagon, enter_trove_6,
          hangedman_elven_crosses_minicolossus, minmay_shoptagon
Elf:2:    nicolae_elf_blades_splatter_lattice [infiniplex_blade_entry_pillars],
          layout_geoelf_grid, serial_shops, shop, minivault_19, minivault_26,
          uniq_roxanne
Elf:3:    elf_hall, layout_gridlike, minivault_23, drop_trap, st_stairs_4,
          nicolae_elf_stair_hall
Vaults:1: portal_desolation_entry_salt, v_pattern_3, v_misc_5, v_rooms_4,
          v_misc_16, hangedman_vaults_slither, vaults_dpeg_hooks,
          nicolae_vaults_three_branches, nicolae_vaults_closet_pinwheel_5,
          vaults_room_pool, vaults_dpeg_emergency_exit,
          ontoclasm_vaults_loading_screen, nicolae_vaults_tetromino_T_2,
          layout_vaults_ring, serial_shops, shop
Vaults:2: vaults_room_door_hall, hangedman_vaults_nodes,
          nicolae_vaults_diamond_1, v_misc_3, v_misc_15,
          nicolae_vaults_storage_closets_1, nicolae_vaults_ninety_degrees,
          nicolae_vaults_tetromino_L_1, nicolae_vaults_mini_display_case,
          layout_vaults_chaotic_city, minmay_crypt_entry_nasty_monster,
          uniq_saint_roka
Vaults:3: nicolae_vaults_angled_halls, nicolae_vaults_ring_of_whatevers,
          nicolae_vaults_oval_intersection, st_smaller_cells,
          hangedman_vaults_nails, nicolae_vaults_angled_halls,
          hangedman_vaults_capsules, nicolae_vaults_little_squares_5,
          vaults_room_large_hall, nicolae_vaults_steering_wheel,
          hangedman_vaults_river_flow, grunt_vaults_funnel,
          nicolae_vaults_little_squares_4, layout_vaults_omnibox
Vaults:4: gammafunk_ghost_fury_of_okawaru, v_misc_11, hangedman_vaults_stream,
          nicolae_vaults_diffraction_hallways, v_alt_pattern_1,
          nicolae_vaults_wrenched, nicolae_vaults_trapezoid_lopsided_1,
          nicolae_vaults_more_shelving_1, vaults_room_grid,
          nicolae_vaults_hexular_roomagon, v_alt_pattern_3,
          layout_vaults_maze_snakey, serial_shops, shop, uniq_frederick,
          uniq_margery, uniq_mennas
Depths:1: layout_basic, lightli_too_deep, nicolae_elyvilon_temple_path,
          serial_hangedman_research, hangedman_research_thanatology,
          hangedman_research_convocations, hangedman_research_thermodynamics,
          hangedman_research_geology, nicolae_yredelemnul_corpse_copse
Depths:2: minmay_bloctagon, layout_gridville, hangedman_decor_opposing,
          grunt_pan_entry_in_and_out, pf_dread_powers_of_hell
Depths:3: grated_community_mu [grated_community_mu_vampire_home,
          grated_community_mu_giant_home, grated_community_mu_spellcaster_home,
          grated_community_mu_orcish_home, grated_community_mu_troll_home,
          grated_community_mu_taur_home, grated_community_mu_unbuilt_plot],
          layout_long_grid, abyss_entry, chequers_serial_rivers_micro_a,
          hell_entry, nicolae_wwwww, minmay_staircase_bubble, uniq_norris
Depths:4: evilmike_zot_entry_diamond, layout_basic, enter_ziggurat_b,
          abyss_entry, serial_bayou_shore_a, hangedman_tar_grid_catacomb,
          grunt_ministairs_11
Zot:1:    layout_gridlike
Zot:2:    layout_onion_interference, gammafunk_ghost_ooze
Zot:3:    layout_basic, regret_index_zotdec_twisting_globes, uniq_josephina
Zot:4:    nicolae_zot_draconian_monastery, layout_basic, bh_zot_ikea_curve,
          grunt_ministairs_12, uniq_grunn, uniq_vv
Zot:5:    layout_gridville, gammafunk_ghost_crypt, st_stairs_4

Notes
Turn   | Place    | Note
-------+----------+-------------------------------------------
     0 | D:1      | MackTheKnife the Demonspawn Conjurer began the quest for
                  | the Orb.
     0 | D:1      | Reached XP level 1. HP: 13/13 MP: 3/3
     0 | D:1      | magus.rc [v1.9.6]
    44 | D:1      | Reached skill level 2 in Stealth
    72 | D:1      | You pick up a book of Blood and begin reading...
    72 | D:1      | You add the spells Sublimation of Blood, Wereblood and
                  | Summon Hydra to your library.
   210 | D:1      | Gained mutation: A meltable shield of frost defends you.
                  | (SH +4) [demonic ancestry]
   210 | D:1      | Reached XP level 2. HP: 20/20 MP: 0/5
   213 | D:1      | Learned a level 2 spell: Searing Ray
   364 | D:1      | Reached skill level 1 in Fighting
   802 | D:1      | Reached skill level 2 in Fighting
   836 | D:1      | Gained mutation: You sometimes gain a little power by
                  | taking damage. [demonic ancestry]
   836 | D:1      | Reached XP level 3. HP: 27/27 MP: 3/6
  1406 | D:2      | You pick up a book of Displacement and begin reading...
  1406 | D:2      | You add the spells Lesser Beckoning, Gell's Gravitas and
                  | Teleport Other to your library.
  1877 | D:2      | You pick up a book of Winter and begin reading...
  1877 | D:2      | You add the spells Ozocubu's Armour, Metabolic Englaciation
                  | and Simulacrum to your library.
  1936 | D:2      | Reached XP level 4. HP: 33/33 MP: 5/7
  2857 | D:3      | You pick up a book of Alchemy and begin reading...
  2857 | D:3      | You add the spells Petrify and Irradiate to your library.
  3084 | D:3      | You pick up a book of Touch and begin reading...
  3084 | D:3      | You add the spells Kiss of Death, Confusing Touch and
                  | Dispel Undead to your library.
  3190 | D:3      | Reached skill level 3 in Spellcasting
  3264 | D:3      | You pick up a book of Geomancy and begin reading...
  3264 | D:3      | You add the spells Sandblast, Passwall, Stone Arrow and
                  | Brom's Barrelling Boulder to your library.
  3543 | D:3      | Found a burning altar of Makhleb.
  3543 | D:3      | Found a hazy altar of Hepliaklqana.
  3805 | D:4      | Reached XP level 5. HP: 38/38 MP: 5/9
  4331 | D:4      | Reached skill level 5 in Conjurations
  5036 | D:5      | Entered Level 5 of the Dungeon
  5172 | D:5      | You pick up a book of the Tundra and begin reading...
  5172 | D:5      | You add the spells Hailstorm and Summon Ice Beast to your
                  | library.
  5309 | D:5      | Noticed an ogre
  5316 | D:5      | Killed an ogre
  5317 | D:5      | Reached skill level 4 in Spellcasting
  5317 | D:5      | Gained mutation: You have a pair of small horns on your
                  | head. [demonic ancestry]
  5317 | D:5      | Reached XP level 6. HP: 44/44 MP: 2/12
  5399 | D:5      | Found a blossoming altar of Fedhas.
  5464 | D:5      | Reached skill level 6 in Conjurations
  5470 | D:5      | Reached skill level 2 in Dodging
  5474 | D:5      | HP: 10/46 [orc priest/+0 whip (7)]
  5640 | D:5      | You pick up a book of the Hunter and begin reading...
  5640 | D:5      | You add the spells Sigil of Binding, Call Canine Familiar,
                  | Dimensional Bullseye and Leda's Liquefaction to your
                  | library.
  5642 | D:5      | Found a sacrificial altar of Ru.
  5959 | D:5      | Found a shimmering altar of Xom.
  6162 | D:6      | Noticed Maggie
  6294 | D:6      | Reached skill level 3 in Fighting
  6294 | D:6      | Reached XP level 7. HP: 52/52 MP: 7/13
  6421 | D:6      | Reached skill level 3 in Dodging
  6543 | D:6      | Found a staircase to the Ecumenical Temple.
  6550 | D:6      | Reached skill level 4 in Fighting
  6564 | D:6      | Reached skill level 4 in Dodging
  6734 | Temple   | Entered the Ecumenical Temple
  6744 | Temple   | Became a worshipper of Ashenzari the Shackled
  6808 | D:6      | Learned a level 3 spell: Call Canine Familiar
  6838 | D:6      | Reached skill level 1 in Summonings
  6946 | D:6      | Reached skill level 2 in Summonings
  6946 | D:6      | Reached XP level 8. HP: 60/60 MP: 8/14
  7150 | D:6      | Found a runed translucent door.
  7151 | D:6      | Noticed Crazy Yiuf
  8264 | D:6      | Reached skill level 3 in Summonings
  8682 | D:7      | Reached skill level 4 in Summonings
  8785 | D:7      | Reached skill level 5 in Summonings
  9325 | D:7      | Reached skill level 6 in Summonings
  9467 | D:7      | HP: 9/57 [wight/+4 halberd (14)]
  9831 | D:7      | Found an opulent altar of Gozag.
  9887 | D:7      | Reached * piety under Ashenzari
 10140 | D:7      | Found an ancient bone altar of Kikubaaqudgha.
 10157 | D:7      | Reached skill level 7 in Summonings
 10736 | D:5      | Learned a level 3 spell: Stone Arrow
 11203 | D:8      | Reached skill level 1 in Earth Magic
 11203 | D:8      | Reached XP level 9. HP: 65/65 MP: 4/16
 11348 | D:8      | Reached skill level 2 in Earth Magic
 11760 | D:8      | Reached skill level 3 in Earth Magic
 11868 | D:8      | Noticed Jeremiah
 11928 | D:8      | Killed Jeremiah
 11929 | D:8      | Reached skill level 4 in Earth Magic
 12079 | D:8      | Reached ** piety under Ashenzari
 12094 | D:8      | Found an iron altar of Okawaru.
 12096 | D:8      | Found a shimmering blue altar of Sif Muna.
 12178 | D:8      | Reached skill level 5 in Spellcasting
 13204 | D:8      | Reached skill level 5 in Fighting
 13204 | D:8      | Reached skill level 1 in Shields
 13578 | D:9      | Reached skill level 2 in Shields
 13778 | D:9      | Reached skill level 6 in Spellcasting
 14165 | D:9      | Reached skill level 3 in Shields
 14236 | D:9      | Gained mutation: You sometimes gain power by taking damage.
                  | [demonic ancestry]
 14236 | D:9      | Reached XP level 10. HP: 79/79 MP: 7/20
 14607 | D:9      | Reached skill level 4 in Shields
 14884 | D:10     | Entered Level 10 of the Dungeon
 14898 | D:10     | Noticed a green ugly thing
 14937 | D:10     | Found an ornate altar of the Wu Jian Council.
 15651 | D:6      | Killed Maggie
 15866 | D:10     | Reached skill level 5 in Shields
 16145 | D:10     | Found a hide-covered altar of Uskayaw.
 16462 | D:11     | Reached skill level 5 in Earth Magic
 16625 | D:11     | Found a staircase to the Orcish Mines.
 16716 | D:11     | Reached skill level 6 in Earth Magic
 17269 | D:11     | Reached skill level 7 in Earth Magic
 17431 | D:11     | You add the spells Tukima's Dance, Passage of Golubria and
                  | Yara's Violent Unravelling to your library.
 17514 | D:11     | Found a staircase to the Lair.
 17683 | D:11     | Reached skill level 8 in Earth Magic
 17965 | D:11     | Noticed a cyclops
 17973 | D:11     | Killed a cyclops
 17974 | D:11     | Gained mutation: You have a pair of horns on your head.
                  | [demonic ancestry]
 17974 | D:11     | Reached XP level 11. HP: 83/84 MP: 9/21
 18082 | D:11     | Reached *** piety under Ashenzari
 18192 | D:11     | You pick up a book of Beasts and begin reading...
 18192 | D:11     | You add the spells Summon Mana Viper and Monstrous
                  | Menagerie to your library.
 18240 | D:11     | Reached skill level 1 in Short Blades
 18261 | D:11     | Reached skill level 2 in Short Blades
 18459 | Lair:1   | Entered Level 1 of the Lair of Beasts
 18559 | Lair:1   | Learned a level 5 spell: Irradiate
 18623 | Lair:1   | Reached skill level 7 in Conjurations
 18623 | Lair:1   | Reached skill level 1 in Transmutations
 18897 | Lair:1   | Noticed Sonja
 18900 | Lair:1   | Reached skill level 2 in Transmutations
 18917 | Lair:1   | Sonja changed into Sonja the human
 18917 | Lair:1   | Noticed Sonja
 18922 | Lair:1   | HP: 15/84 [cane toad (15)]
 18923 | Lair:1   | HP: 7/84 [poisoned by a cane toad]
 18939 | Lair:1   | HP: 14/84 [asphyx]
 18949 | Lair:1   | Killed Sonja the human
 19218 | Lair:1   | Identified the +0 robe "Axooxipp" {rCorr Int+2 Stlth-
                  | Archmagi}
 19248 | Lair:1   | Reached skill level 3 in Transmutations
 19380 | Lair:1   | Reached skill level 8 in Conjurations
 20061 | Lair:1   | magus.rc [v1.9.6]
 20112 | Lair:2   | Reached skill level 4 in Transmutations
 20253 | Lair:2   | Found a runed translucent gate.
 20255 | Lair:2   | Noticed Gyula's ghost (journeyman OpSh)
 20290 | Lair:2   | Noticed Amaemon
 20314 | Lair:2   | Killed Amaemon
 20425 | Lair:2   | Found a runed translucent gate.
 20425 | Lair:2   | Found a runed translucent gate.
 20432 | Lair:2   | Noticed a five-headed hydra
 20524 | Lair:2   | Reached skill level 9 in Conjurations
 20524 | Lair:2   | Reached skill level 5 in Transmutations
 21307 | Lair:2   | Gained mutation: You have a pair of large horns on your
                  | head. [demonic ancestry]
 21307 | Lair:2   | Reached XP level 12. HP: 79/87 MP: 15/21
 21400 | Lair:2   | Reached skill level 6 in Transmutations
 21761 | Lair:2   | Reached skill level 10 in Conjurations
 22329 | Lair:2   | Reached skill level 6 in Fighting
 22476 | Lair:3   | Noticed a seven-headed hydra
 22482 | Lair:2   | Reached skill level 1 in Maces & Flails
 22711 | Lair:2   | Reached skill level 2 in Maces & Flails
 22955 | Lair:3   | Killed a seven-headed hydra
 23086 | Lair:3   | Reached skill level 7 in Fighting
 23086 | Lair:3   | Reached skill level 3 in Maces & Flails
 23501 | Lair:3   | You pick up a book of Decay and begin reading...
 23501 | Lair:3   | You add the spells Cigotuvi's Dreadful Rot and Death
                  | Channel to your library.
 23544 | Lair:3   | Reached skill level 4 in Maces & Flails
 23786 | Lair:3   | Noticed Gastronok
 23802 | Lair:3   | Killed Gastronok
 23803 | Lair:3   | Reached skill level 8 in Fighting
 23979 | Lair:3   | Noticed a four-headed hydra
 23986 | Lair:3   | Killed a four-headed hydra
 23987 | Lair:3   | Reached skill level 5 in Maces & Flails
 24467 | Lair:3   | Found a staircase to the Shoals.
 24527 | Lair:3   | Found a hole to the Spider Nest.
 25095 | Lair:4   | Noticed a death yak
 25102 | Lair:4   | Noticed a death yak
 25103 | Lair:4   | Noticed a death yak
 25192 | Lair:4   | Reached skill level 9 in Fighting
 25200 | Lair:4   | Reached XP level 13. HP: 81/101 MP: 2/22
 25267 | Lair:4   | Reached skill level 6 in Maces & Flails
 25707 | Lair:4   | Found a viscous altar of Jiyva.
 25707 | Lair:4   | Found a staircase to the Slime Pits.
 26369 | Lair:5   | Entered Level 5 of the Lair of Beasts
 26452 | Lair:4   | Reached skill level 10 in Fighting
 26452 | Lair:4   | Reached skill level 7 in Spellcasting
 26581 | Slime:1  | Entered Level 1 of the Pits of Slime
 26918 | Lair:5   | Reached skill level 8 in Spellcasting
 27258 | Lair:4   | Reached skill level 9 in Spellcasting
 27482 | Lair:5   | Upgraded the game from 0.31-a0-1074-g0b22e4e0f1 to
                  | 0.31-a0-1082-g7d1fb776a8
 27482 | Lair:5   | magus.rc [v1.9.6]
 27656 | Lair:5   | Learned a level 4 spell: Leda's Liquefaction
 27916 | Lair:5   | Reached skill level 10 in Spellcasting
 27975 | Lair:5   | Reached skill level 1 in Hexes
 28154 | Orc:1    | Entered Level 1 of the Orcish Mines
 28281 | D:10     | Reached skill level 2 in Hexes
 28572 | Orc:1    | Reached skill level 3 in Hexes
 28720 | Orc:1    | Found Diunana's Self-Improvement Boutique.
 29243 | Orc:1    | Reached skill level 4 in Hexes
 29624 | Orc:1    | Noticed Urug
 29635 | Orc:1    | Killed Urug
 29867 | Orc:2    | Entered Level 2 of the Orcish Mines
 29867 | Orc:2    | Found a staircase to the Elven Halls.
 29885 | Orc:1    | Learned a level 5 spell: Summon Mana Viper
 29923 | Orc:2    | Noticed an orc warlord
 30005 | Orc:2    | Reached skill level 1 in Polearms
 30005 | Orc:2    | Reached XP level 14. HP: 87/110 MP: 22/28
 30327 | Orc:1    | Reached skill level 2 in Polearms
 30918 | Orc:2    | Noticed an orc warlord
 30925 | Orc:2    | Reached skill level 3 in Polearms
 30927 | Orc:2    | Killed an orc warlord
 31369 | Orc:2    | Killed an orc warlord
 31370 | Orc:2    | Reached skill level 4 in Polearms
 31806 | Orc:2    | Found Naxte's Antique Weapon Shop.
 32014 | Orc:2    | Found Xoadokk's Assorted Antiques.
 32022 | Orc:2    | Bought a potion of heal wounds for 115 gold pieces
 32413 | Orc:2    | Reached skill level 5 in Polearms
 32747 | Orc:2    | Noticed an orc warlord
 33024 | Orc:2    | Killed an orc warlord
 33025 | Orc:2    | Reached skill level 6 in Polearms
 33314 | Orc:2    | Found Ximpeutu's Weapon Shop.
 33476 | Orc:2    | Found Ramid's Antique Weapon Shoppe.
 33480 | Orc:2    | Found Fyiz Qar's Antique Armour Emporium.
 33485 | Orc:2    | Bought a smoking kite shield for 209 gold pieces
 33485 | Orc:2    | Identified the +5 kite shield of Devuwu {Regen+ rCorr Str+4
                  | Dex-4} (You bought it in a shop on level 2 of the Orcish
                  | Mines)
 34071 | D:12     | Noticed Fannar
 34082 | D:12     | Killed Fannar
 34230 | D:12     | You pick up a book of the Hunter and begin reading...
 34377 | D:13     | Reached skill level 6 in Shields
 34531 | D:13     | Found the macabre finger necklace {Finger+ rN+}
 34589 | D:13     | Reached skill level 7 in Shields
 34727 | D:13     | You pick up a book of the Warp and begin reading...
 34727 | D:13     | You add the spells Manifold Assault, Dispersal and
                  | Disjunction to your library.
 35011 | D:13     | You fall into a shaft and drop 2 floors!
 35011 | D:15     | Entered Level 15 of the Dungeon
 35173 | D:13     | Reached skill level 8 in Shields
 35233 | D:13     | HP: 26/113 [burnt (5)]
 35317 | D:13     | HP: 21/113 [deep elf zephyrmancer/bolt of lightning (15)]
 35317 | D:13     | HP: 2/113 [deep elf zephyrmancer/bolt of lightning (19)]
 35667 | D:13     | Identified the amulet "Gusibb" {Acrobat Fly Regen+ Dex+3}
 35830 | D:13     | Reached skill level 9 in Shields
 35958 | D:13     | Found a gate to the Vaults.
 36159 | D:13     | magus.rc [v1.9.6]
 36588 | D:14     | Noticed Agnes
 36601 | D:14     | Killed Agnes
 37004 | D:14     | Gained mutation: You are partially covered in icy blue
                  | scales. (AC +2) [demonic ancestry]
 37004 | D:14     | Reached XP level 15. HP: 74/119 MP: 19/30
 37062 | D:14     | Reached skill level 10 in Shields
 37222 | D:15     | You pick up a book of Burglary and begin reading...
 37222 | D:15     | You add the spells Ensorcelled Hibernation and Swiftness to
                  | your library.
 37260 | D:15     | Noticed Nessos
 37683 | D:15     | Noticed Josephine
 37696 | D:15     | Killed Josephine
 38083 | D:15     | Reached skill level 7 in Polearms
 38204 | D:15     | HP: 21/119 [yaktaur/bolt (24)]
 38205 | D:15     | HP: 8/119 [poisoned by Nessos]
 38210 | D:15     | Killed Nessos
 38698 | D:15     | Found a staircase to the Depths.
 38698 | D:15     | Noticed a frost giant
 38880 | Spider:1 | Entered Level 1 of the Spider Nest
 38901 | Spider:1 | Reached skill level 11 in Shields
 39324 | Spider:1 | Noticed Jorgrun
 39482 | Spider:1 | Reached skill level 8 in Polearms
 39726 | Spider:1 | Noticed Azrael
 39841 | Lair:3   | magus.rc [v1.9.6]
 39884 | Shoals:1 | Entered Level 1 of the Shoals
 39975 | Shoals:1 | You pick up a book of Spatial Translocations and begin
                  | reading...
 39975 | Shoals:1 | You add the spells Blink and Momentum Strike to your
                  | library.
 39988 | Shoals:1 | Learned a level 2 spell: Blink
 40626 | Shoals:1 | Reached skill level 1 in Translocations
 40799 | Shoals:1 | You add the spells Ignite Poison and Freezing Cloud to your
                  | library.
 40812 | Shoals:1 | Learned a level 5 spell: Freezing Cloud
 40928 | Shoals:1 | Noticed a kraken
 40935 | Shoals:1 | Killed a kraken
 41204 | Shoals:1 | Reached skill level 2 in Translocations
 41590 | Shoals:1 | You add the spells Sticky Flame and Ignition to your
                  | library.
 41685 | Shoals:2 | Reached skill level 9 in Polearms
 41828 | Shoals:2 | Reached skill level 12 in Shields
 42580 | Shoals:2 | You pick up a book of the Hunter and begin reading...
 42846 | Shoals:2 | Reached skill level 10 in Polearms
 43246 | Shoals:2 | magus.rc [v1.9.6]
 43273 | Shoals:3 | Found Vipumpiemo's Antique Weapon Emporium.
 43275 | Shoals:3 | magus.rc [v1.9.6]
 43321 | Shoals:3 | Found Weokid's Book Emporium.
 43369 | Shoals:3 | Reached skill level 1 in Ice Magic
 43369 | Shoals:3 | Reached skill level 1 in Air Magic
 43614 | Shoals:3 | Reached XP level 16. HP: 103/126 MP: 8/31
 43625 | Shoals:3 | Reached skill level 2 in Air Magic
 43751 | Shoals:3 | Reached skill level 2 in Ice Magic
 44509 | Shoals:3 | Reached skill level 3 in Air Magic
 44513 | Shoals:3 | Reached skill level 3 in Ice Magic
 44517 | Shoals:3 | Gained mutation: You are frail. (-10% HP) [mutagenic glow]
 44518 | Shoals:3 | Lost mutation: You are frail. (-10% HP) [potion of
                  | mutation]
 44518 | Shoals:3 | Gained mutation: Your body sometimes deteriorates upon
                  | taking damage. [potion of mutation]
 45056 | Shoals:3 | Reached skill level 4 in Ice Magic
 45056 | Shoals:3 | Reached skill level 4 in Air Magic
 45199 | Shoals:3 | You pick up a book of Hexes and begin reading...
 45199 | Shoals:3 | You add the spells Anguish, Cause Fear and Enfeeble to your
                  | library.
 45218 | Shoals:3 | You add the spells Sting, Poisonous Vapours and Olgreb's
                  | Toxic Radiance to your library.
 45606 | Shoals:3 | Reached skill level 5 in Ice Magic
 45606 | Shoals:3 | Reached skill level 5 in Air Magic
 45862 | Shoals:3 | Reached **** piety under Ashenzari
 46219 | Shoals:4 | Entered Level 4 of the Shoals
 46533 | Shoals:3 | magus.rc [v1.9.6]
 47383 | Spider:2 | Reached skill level 5 in Dodging
 47496 | Spider:2 | Noticed Arachne
 47523 | Spider:2 | Killed Arachne
 47550 | Spider:1 | magus.rc [v1.9.6]
 47580 | Spider:1 | Noticed Kirke
 48151 | Spider:2 | Reached skill level 6 in Dodging
 48217 | Spider:2 | Reached skill level 11 in Fighting
 48333 | Spider:2 | magus.rc [v1.9.6]
 48786 | Spider:3 | Noticed Nikola
 48797 | Spider:3 | HP: 27/129 [Nikola/arc of chain lightning (81)]
 48797 | Spider:3 | Killed Nikola
 48801 | Spider:3 | Identified the serpent talisman of a sewer {rC++ rCorr
                  | Str-4 Int+2}
 48801 | Spider:3 | Noticed Aizul
 48866 | Spider:3 | Killed Aizul
 48902 | Spider:2 | Reached ***** piety under Ashenzari
 48999 | Spider:2 | Upgraded the game from 0.31-a0-1082-g7d1fb776a8 to
                  | 0.31-a0-1091-g283494c966
 48999 | Spider:2 | magus.rc [v1.9.6]
 49118 | Spider:3 | Identified the +8 hand axe of Conscience {antimagic, Str+3}
 49200 | Spider:3 | Identified the +3 kite shield "Vemuwk" {Harm Stlth+}
 49200 | Spider:3 | Noticed Asterion
 49212 | Spider:3 | Gained mutation: You are powered by pain. [demonic
                  | ancestry]
 49212 | Spider:3 | Reached XP level 17. HP: 52/138 MP: 34/34
 49233 | Spider:3 | Killed Asterion
 49588 | Spider:3 | Reached skill level 5 in Hexes
 49597 | Spider:3 | Identified the +1 robe of Vehumet's Displeasure {Str+2}
 49827 | Spider:3 | Reached skill level 1 in Armour
 49972 | Spider:4 | Entered Level 4 of the Spider Nest
 49988 | Spider:4 | Learned a level 2 spell: Wereblood
 50071 | Spider:4 | Gained mutation: You are vulnerable to heat. (rF-)
                  | [mutagenic glow]
 50074 | Spider:4 | Reached skill level 7 in Dodging
 50440 | Spider:4 | Reached skill level 2 in Armour
 51261 | Spider:4 | Reached skill level 6 in Hexes
 51261 | Spider:4 | Reached skill level 8 in Summonings
 51264 | Spider:4 | Reached skill level 3 in Armour
 51264 | Spider:4 | Reached skill level 11 in Conjurations
 51472 | Spider:4 | Got a gossamer rune of Zot
 51748 | Shoals:4 | Noticed Polyphemus
 51759 | Shoals:4 | Reached skill level 8 in Dodging
 51793 | Shoals:4 | Killed Polyphemus
 52027 | Shoals:4 | Noticed a sphinx
 52045 | Shoals:4 | Killed a sphinx
 52093 | Shoals:4 | Reached skill level 9 in Summonings
 52096 | Shoals:4 | Reached skill level 4 in Armour
 52117 | Shoals:4 | Noticed a sphinx
 52173 | Shoals:4 | Killed a sphinx
 52195 | Shoals:4 | Aim: a merfolk, wielding the +5 scythe "Finisher" {speed,
                  | execute} (water, wandering, hasn't noticed you)
 52195 | Shoals:4 | Aim: a merfolk, wielding the +5 scythe "Finisher" {speed,
                  | execute} (water, wandering, hasn't noticed you)
 52372 | Shoals:4 | Got a barnacled rune of Zot
 52628 | Shoals:4 | Identified a scroll of acquirement
 52662 | Shoals:4 | Acquired 1342 gold pieces
 52774 | Shoals:4 | Reached skill level 5 in Armour
 52774 | Shoals:4 | Gained mutation: A meltable icy envelope protects you from
                  | harm. (AC +8) [demonic ancestry]
 52774 | Shoals:4 | Reached XP level 18. HP: 151/151 MP: 14/36
 52923 | Shoals:4 | Reached skill level 9 in Dodging
 53076 | Shoals:4 | Reached skill level 1 in Evocations
 53254 | Shoals:4 | Paralysed by a sphinx for 3 turns
 53258 | Shoals:4 | Reached skill level 10 in Summonings
 53591 | Vaults:1 | Entered Level 1 of the Vaults
 53632 | Vaults:1 | Reached skill level 2 in Evocations
 53684 | Vaults:1 | Reached skill level 3 in Evocations
 53712 | Vaults:1 | Reached skill level 4 in Evocations
 53739 | Vaults:1 | Found a crumbling gateway.
 53816 | Desolati | Entered the Desolation of Salt
 53916 | Desolati | Reached skill level 5 in Evocations
 53926 | Desolati | Learned a level 5 spell: Yara's Violent Unravelling
 54064 | Desolati | Reached skill level 7 in Transmutations
 54153 | Desolati | Identified the ring "Wiwe" {Fly rN++ Will- SInv Stlth+}
 54267 | Desolati | Identified the +5 trident of the Puffin {heavy, rCorr}
 54268 | Desolati | Identified the Secrets of the Boggart and the Singularity
 54271 | Desolati | You add the spells Call Imp, Summon Guardian Golem and
                  | Summon Forest to your library.
 54283 | Desolati | Learned a level 5 spell: Summon Forest
 54299 | Desolati | Identified the amulet "Beus" {Acrobat Str+2 Int+3 Stlth+}
 54670 | Desolati | You pick up a book of Frost and begin reading...
 54670 | Desolati | You add the spells Freeze and Frozen Ramparts to your
                  | library.
 54791 | Desolati | Found the +8 storm bow {elec, penet}
 54793 | Desolati | Identified the +7 scimitar "Jaocyutto" {flame, Fly rF+ rC+
                  | Dex+2}
 54793 | Desolati | Identified the ring "Fuerioz" {Ice Dex+3}
 54831 | Desolati | Identified the +3 dagger "Tasoac" {freeze, rElec rPois rC+
                  | Dex+4}
 54995 | Desolati | Reached skill level 7 in Hexes
 54995 | Desolati | Reached skill level 3 in Translocations
 55125 | Desolati | Reached skill level 4 in Translocations
 55188 | Desolati | Identified the +3 shortbow of Revolt {drain, rPois Will+++
                  | rCorr Str-4}
 55339 | Desolati | Reached skill level 5 in Translocations
 55499 | Desolati | Identified the +3 leather armour of Elyvilon's Castigation
                  | {Rampage rPois MP+9 Str-3 Dex+2}
 55575 | Desolati | Reached skill level 6 in Translocations
 55973 | Desolati | Identified Giycker's Annotations on Creative Battle Magic
 56001 | Desolati | Reached skill level 7 in Translocations
 56055 | Desolati | You add the spells Shock, Spellforged Servitor and Malign
                  | Gateway to your library.
 56063 | Desolati | Identified the +0 plate armour of Minor Irritation {rElec
                  | rF++ Will+ Stlth+}
 56077 | Desolati | Identified the ring of the Barnacle {rC- rN+++ Will++ Str+6
                  | SInv}
 56168 | Desolati | Identified the +1 leather armour of Going Fast {rF+ rC+
                  | Dex+4 Stlth+}
 56649 | Vaults:1 | Reached skill level 12 in Fighting
 56725 | Vaults:1 | Found Ufyqeusuo's Antique Armour Emporium.
 56744 | Vaults:1 | Reached XP level 19. HP: 151/154 MP: 20/35
 57237 | Vaults:1 | Reached skill level 8 in Translocations
 57771 | Vaults:1 | Reached skill level 10 in Dodging
 57960 | Vaults:1 | magus.rc [v1.9.6]
 58022 | Vaults:2 | You pick up a book of Callings and begin reading...
 58119 | Vaults:2 | Identified the +4 robe of Lugonu's Inspiration {Str+4}
 58379 | Vaults:2 | Reached skill level 13 in Fighting
 58430 | Vaults:2 | Reached skill level 13 in Shields
 58524 | Vaults:2 | Noticed a bone dragon
 58565 | Vaults:2 | Killed a bone dragon
 58825 | Vaults:2 | Found a staircase to the Crypt.
 59190 | Vaults:2 | Lost mutation: Your body sometimes deteriorates upon taking
                  | damage. [potion of mutation]
 59190 | Vaults:2 | Lost mutation: You are vulnerable to heat. (rF-) [potion of
                  | mutation]
 59190 | Vaults:2 | Gained mutation: You sometimes lose your temper in combat.
                  | [potion of mutation]
 59190 | Vaults:2 | Gained mutation: Your magical capacity is low. (-10% MP)
                  | [potion of mutation]
 59190 | Vaults:2 | Gained mutation: You have large cloven feet. [potion of
                  | mutation]
 59342 | Vaults:2 | Noticed Saint Roka
 59367 | Vaults:2 | Killed Saint Roka
 59417 | Vaults:2 | Reached skill level 11 in Dodging
 59698 | Vaults:2 | Paralysed by a formless jellyfish for 1 turns
 60058 | Vaults:3 | Gained mutation: You are mostly covered in icy blue scales.
                  | (AC +3) [demonic ancestry]
 60058 | Vaults:3 | Reached XP level 20. HP: 172/172 MP: 17/35
 60257 | Vaults:3 | Reached ****** piety under Ashenzari
 60402 | Vaults:3 | Reached skill level 14 in Fighting
 60718 | Vaults:3 | Reached skill level 14 in Shields
 61196 | Vaults:3 | Reached skill level 12 in Dodging
 61684 | Vaults:4 | Noticed Mennas
 61828 | Elf:1    | Entered Level 1 of the Elven Halls
 62011 | Elf:1    | Reached skill level 15 in Fighting
 62296 | Elf:1    | Found a portal to a secret trove of treasure.
 62467 | Elf:1    | Found Vunguc's Magic Scroll Shop.
 62472 | Elf:1    | Found Racylud's Antique Armour Boutique.
 62472 | Elf:1    | Found Purubbid's Antique Armour Shop.
 62502 | Elf:1    | Found Empiunt's Distillery.
 62530 | Elf:1    | Bought a scroll of butterflies for 60 gold pieces
 62530 | Elf:1    | Bought a scroll of teleportation for 45 gold pieces
 62530 | Elf:1    | Bought a scroll of teleportation for 45 gold pieces
 62530 | Elf:1    | Bought a scroll of revelation for 112 gold pieces
 62530 | Elf:1    | Bought a scroll of fog for 60 gold pieces
 62538 | Elf:1    | Bought a potion of curing for 45 gold pieces
 62538 | Elf:1    | Bought a potion of curing for 45 gold pieces
 62538 | Elf:1    | Bought a potion of haste for 150 gold pieces
 62538 | Elf:1    | Bought a potion of haste for 150 gold pieces
 63109 | Elf:2    | Found Soere's Antique Weapon Shoppe.
 63195 | Elf:2    | Bought a smoking morningstar for 270 gold pieces
 63195 | Elf:2    | Identified the +7 morningstar of Inquiry {spect, MP-9 Str+7
                  | Stlth+} (You bought it in a shop on level 2 of the Elven
                  | Halls)
 63265 | Elf:2    | Reached skill level 13 in Dodging
 63277 | Elf:2    | Found a runed translucent gate.
 63277 | Elf:2    | Found a runed translucent gate.
 63278 | Elf:2    | Found a runed translucent gate.
 63551 | Elf:2    | Noticed Roxanne
 63803 | Elf:3    | Entered Level 3 of the Elven Halls
 64004 | Elf:3    | Paralysed by an air elemental for 1 turns
 64011 | Elf:3    | Paralysed by an air elemental for 1 turns
 64191 | Elf:3    | Paralysed by an air elemental for 1 turns
 64464 | Elf:3    | Paralysed by an air elemental for 1 turns
 64625 | Elf:3    | Gained mutation: Your presence sometimes corrodes those you
                  | injure. [demonic ancestry]
 64625 | Elf:3    | Reached XP level 21. HP: 187/187 MP: 28/36
 64629 | Elf:3    | Identified the +8 short sword of Wifon {spect, Fragile rN++
                  | Dex+3}
 64630 | Elf:3    | Reached skill level 16 in Fighting
 64630 | Elf:3    | Identified the staff of the Evil Eye {rElec Dex+3 Stlth+
                  | Air}
 64663 | Elf:3    | Reached skill level 14 in Dodging
 64861 | Elf:3    | Identified the Almanac of the Thirsty Heavens
 64871 | Elf:3    | You pick up a book of the Spheres and begin reading...
 64871 | Elf:3    | You add the spells Iskenderun's Battlesphere, Fireball,
                  | Conjure Ball Lightning and Orb of Destruction to your
                  | library.
 64872 | Elf:3    | Identified the staff "Naosoac" {rPois Will+++ Conj}
 64880 | Elf:3    | Identified the staff "Ofuumos" {rPois Int+5 Poison}
 64880 | Elf:3    | Identified Lufonam's Secrets of Decaying Bad Luck
 64880 | Elf:3    | Identified the +1 ring mail of the Okapi {rPois Str+2}
 64887 | Elf:3    | You pick up a book of the Spheres and begin reading...
 64890 | Elf:3    | Identified the +0 sling "Ywoevi" {flame, rF+ Dex+2}
 64890 | Elf:3    | Found the +3 greatsling "Punk" {acid, rCorr}
 64892 | Elf:3    | Identified the +4 sling of the Postmodern Beds {elec,
                  | Dex+2}
 64895 | Elf:3    | You pick up a book of Decay and begin reading...
 64925 | Elf:3    | You add the spells Inner Flame, Vampiric Draining and Agony
                  | to your library.
 65293 | Depths:1 | Entered Level 1 of the Depths
 65341 | Depths:1 | Identified Sif Muna's Book of Companions
 65402 | Depths:1 | You add the spells Summon Cactus Giant, Haunt and Dragon's
                  | Call to your library.
 65443 | Depths:1 | Reached skill level 11 in Summonings
 65636 | Depths:1 | Reached skill level 12 in Summonings
 65891 | Depths:1 | Reached skill level 13 in Summonings
 65986 | Depths:1 | Found a basalt altar of Yredelemnul.
 66230 | Depths:1 | Reached skill level 14 in Summonings
 66249 | Depths:1 | Identified the Incunable of Curses
 66252 | Depths:1 | Found a gateway to Hell.
 66252 | Depths:1 | Identified the +1 chain mail of Hangman {+Blink rF+ rN+}
 66445 | Depths:1 | Identified the Lectures on Erosion
 66488 | Depths:1 | You add the spells Animate Armour, Lee's Rapid
                  | Deconstruction and Borgnjor's Vile Clutch to your library.
 66624 | Depths:1 | Reached skill level 15 in Summonings
 66754 | Depths:1 | Identified Kikubaaqudgha's Elucidation of Abominable Deeds
 66812 | Depths:1 | Reached skill level 16 in Summonings
 67394 | Depths:1 | Identified the Anthology of the Blizzard
 67855 | Slime:1  | Reached skill level 12 in Conjurations
 67955 | Slime:2  | Reached XP level 22. HP: 194/194 MP: 30/36
 68176 | Slime:5  | Entered Level 5 of the Pits of Slime
 68177 | Slime:5  | Found the +5 Lochaber axe {reach-cleave, Poleaxe Drain}
 68197 | Slime:5  | Reached skill level 13 in Conjurations
 68330 | Slime:5  | Identified the +10 longbow of Melee {freeze, SInv}
 68352 | Slime:5  | Gained mutation: You occasionally lose the ability to read
                  | scrolls when taking damage. [a shining eye]
 68362 | Slime:5  | Lost mutation: Your magical capacity is low. (-10% MP)
                  | [potion of mutation]
 68362 | Slime:5  | Lost mutation: You sometimes lose your temper in combat.
                  | [potion of mutation]
 68362 | Slime:5  | Gained mutation: You sometimes lose the ability to read
                  | scrolls when taking damage. [potion of mutation]
 68363 | Slime:5  | Lost mutation: You sometimes lose the ability to read
                  | scrolls when taking damage. [potion of mutation]
 68363 | Slime:5  | Lost mutation: You have large cloven feet. [potion of
                  | mutation]
 68363 | Slime:5  | Gained mutation: Your magical capacity is low. (-10% MP)
                  | [potion of mutation]
 68363 | Slime:5  | Gained mutation: You sometimes lose the ability to read
                  | scrolls when taking damage. [potion of mutation]
 68363 | Slime:5  | Gained mutation: You are somewhat resistant to further
                  | mutation. [potion of mutation]
 68363 | Slime:5  | Gained mutation: You passively map a small area around you.
                  | [potion of mutation]
 68364 | Slime:5  | Lost mutation: You sometimes lose the ability to read
                  | scrolls when taking damage. [potion of mutation]
 68364 | Slime:5  | Lost mutation: Your magical capacity is low. (-10% MP)
                  | [potion of mutation]
 68472 | Slime:5  | Noticed the Royal Jelly
 68499 | Slime:5  | Killed the Royal Jelly
 68500 | Slime:5  | Reached skill level 14 in Conjurations
 68632 | Slime:5  | Got a slimy rune of Zot
 68636 | Slime:5  | You pick up a book of Dreams and begin reading...
 68683 | Slime:5  | Identified the ring "Tiogo" {rF+ Will+}
 68684 | Slime:5  | Found the +8 Wrath of Trog {antimagic, *Rage Rampage}
 68704 | Slime:5  | You pick up a book of the Earth and begin reading...
 68737 | Slime:5  | Learned a level 7 spell: Spellforged Servitor
 68744 | Slime:5  | Learned a level 6 spell: Bombard
 68826 | Slime:5  | Identified the +3 mace of Focus {flame, Fly rPois rF++ rC-}
 68830 | Slime:5  | Identified the +1 robe "Etzum" {Dex+3 Archmagi}
 68864 | Slime:5  | Lost mutation: You passively map a small area around you.
                  | [potion of mutation]
 68864 | Slime:5  | Lost mutation: You occasionally lose the ability to read
                  | scrolls when taking damage. [potion of mutation]
 68864 | Slime:5  | Lost mutation: You are somewhat resistant to further
                  | mutation. [potion of mutation]
 68864 | Slime:5  | Gained mutation: You occasionally shout uncontrollably at
                  | your foes. [potion of mutation]
 68864 | Slime:5  | Gained mutation: Your magical capacity is low. (-10% MP)
                  | [potion of mutation]
 68961 | Slime:4  | Gained mutation: You are vulnerable to cold. (rC-) [a
                  | shining eye]
 69207 | Elf:1    | You showed the slimy rune of Zot to enter a treasure trove
 69208 | Trove    | Entered a treasure trove
 69214 | Trove    | Identified Doalelik's Grimoire of Gaseous Arson
 69232 | Trove    | You add the spells Vhi's Electric Charge, Arcjolt and
                  | Maxwell's Capacitive Coupling to your library.
 69240 | Trove    | Identified Sif Muna's Parchment of Foggy Amathomancy
 69242 | Trove    | You add the spells Flame Wave, Summon Lightning Spire and
                  | Chain Lightning to your library.
 69251 | Trove    | You add the spells Static Discharge and Lehudib's Crystal
                  | Spear to your library.
 69255 | Trove    | Identified Zogecuargh's Teachings on the Telluric Burn
 69256 | Trove    | Identified Dosiamyc's Grimoire of the Flock
 69264 | Trove    | You pick up a book of Storms and begin reading...
 69270 | Trove    | You add the spells Foxfire and Shatter to your library.
 69549 | Depths:1 | magus.rc [v1.9.6]
 69693 | Depths:2 | Reached skill level 17 in Fighting
 70204 | Depths:2 | Reached skill level 15 in Dodging
 71046 | Depths:2 | Identified the +0 plate armour of Elekiwk {Str+5 Slay+2}
 71154 | Depths:2 | Found a one-way gate leading to the halls of Pandemonium.
 71201 | Depths:2 | Upgraded the game from 0.31-a0-1091-g283494c966 to
                  | 0.31-a0-1096-g246cf0196b
 71201 | Depths:2 | magus.rc [v1.9.6]
 71209 | Depths:3 | Reached skill level 1 in Necromancy
 71211 | Depths:3 | Reached skill level 2 in Necromancy
 71213 | Depths:3 | Reached skill level 3 in Necromancy
 71219 | Depths:3 | Reached skill level 4 in Necromancy
 71226 | Depths:3 | Reached skill level 5 in Necromancy
 71265 | Depths:3 | Reached skill level 6 in Necromancy
 71297 | Depths:3 | Reached skill level 7 in Necromancy
 71445 | Depths:3 | Reached skill level 8 in Necromancy
 71447 | Depths:3 | Noticed a golden dragon
 71462 | Depths:3 | Killed a golden dragon
 71469 | Depths:3 | Reached skill level 9 in Necromancy
 71770 | Depths:3 | Reached skill level 10 in Necromancy
 71916 | Depths:3 | Reached skill level 11 in Necromancy
 71930 | Depths:3 | Gained mutation: Your presence sometimes corrodes or
                  | deforms those you injure. [demonic ancestry]
 71930 | Depths:3 | Reached XP level 23. HP: 207/207 MP: 25/39
 72041 | Depths:3 | Reached skill level 12 in Necromancy
 72141 | Depths:3 | magus.rc [v1.9.6]
 72513 | Depths:3 | Reached skill level 13 in Necromancy
 72545 | Depths:3 | Noticed Norris
 72559 | Depths:3 | Killed Norris
 72726 | Depths:3 | Noticed a dread lich
 72751 | Depths:3 | Killed a dread lich
 72752 | Depths:3 | Reached skill level 15 in Conjurations
 72867 | Depths:3 | You pick up a book of Unlife and begin reading...
 72909 | Depths:3 | Found a one-way gate to the infinite horrors of the Abyss.
 72917 | Depths:3 | Found an ancient bone altar of Kikubaaqudgha.
 73093 | Depths:3 | Learned a level 6 spell: Death Channel
 73228 | Depths:3 | Acquired the +0 pair of gloves of Ciczusk {Slay+3 Stlth+}
 73387 | Depths:3 | Found Bupiarylocwu's General Store.
 73409 | Depths:3 | Reached skill level 16 in Conjurations
 73440 | Depths:3 | Found The Legendary Takhel's Legendary Smithy.
 73465 | Depths:3 | Bought a scroll of blinking for 120 gold pieces
 73465 | Depths:3 | Bought a scroll of blinking for 120 gold pieces
 73465 | Depths:3 | Bought a potion of enlightenment for 80 gold pieces
 73496 | Depths:3 | Found a shimmering altar of Xom.
 73542 | Depths:3 | Found Luenueca's Miraculous Elixirs.
 73607 | Depths:3 | Bought a potion of mutation for 400 gold pieces
 73607 | Depths:3 | Bought a potion of mutation for 400 gold pieces
 73607 | Depths:3 | Bought a potion of mutation for 400 gold pieces
 73607 | Depths:3 | Bought a potion of mutation for 400 gold pieces
 73607 | Depths:3 | Bought a potion of mutation for 400 gold pieces
 73607 | Depths:3 | Bought a potion of mutation for 400 gold pieces
 73607 | Depths:3 | Bought 2 potions of mutation for 800 gold pieces
 73607 | Depths:3 | Bought a potion of mutation for 400 gold pieces
 73607 | Depths:3 | Bought a potion of mutation for 400 gold pieces
 73607 | Depths:3 | Bought a potion of mutation for 400 gold pieces
 73607 | Depths:3 | Lost mutation: You are vulnerable to cold. (rC-) [potion of
                  | mutation]
 73607 | Depths:3 | Lost mutation: Your magical capacity is low. (-10% MP)
                  | [potion of mutation]
 73607 | Depths:3 | Gained mutation: You are dopey. (Int -2) [potion of
                  | mutation]
 73607 | Depths:3 | Gained mutation: You expend magic power (3 MP) to
                  | strengthen your wands. [potion of mutation]
 73608 | Depths:3 | Lost mutation: You are dopey. (Int -2) [potion of mutation]
 73608 | Depths:3 | Lost mutation: You expend magic power (3 MP) to strengthen
                  | your wands. [potion of mutation]
 73608 | Depths:3 | Gained mutation: You sometimes lose your temper in combat.
                  | [potion of mutation]
 73609 | Depths:3 | Lost mutation: You occasionally shout uncontrollably at
                  | your foes. [potion of mutation]
 73609 | Depths:3 | Lost mutation: You sometimes lose your temper in combat.
                  | [potion of mutation]
 73609 | Depths:3 | Gained mutation: You have sharp toenails. [potion of
                  | mutation]
 73609 | Depths:3 | Gained mutation: Your movements are slightly less
                  | encumbered by armour. (ER -2) [potion of mutation]
 73610 | Depths:3 | Lost mutation: Your movements are slightly less encumbered
                  | by armour. (ER -2) [potion of mutation]
 73610 | Depths:3 | Lost mutation: You have sharp toenails. [potion of
                  | mutation]
 73610 | Depths:3 | Gained mutation: You passively map a small area around you.
                  | [potion of mutation]
 73865 | Depths:2 | Learned a level 5 spell: Borgnjor's Vile Clutch
 73891 | Depths:4 | Entered Level 4 of the Depths
 74007 | Depths:4 | Reached skill level 17 in Conjurations
 74103 | Depths:4 | Reached skill level 18 in Conjurations
 74105 | Depths:4 | +0 storm dragon scales {rare}; a storm dragon corpse
 74124 | Depths:4 | +0 shadow dragon scales {rare}; a deep troll corpse; a
                  | shadow dragon corpse
 74279 | Depths:4 | Found a gate to the Realm of Zot.
 74304 | Depths:4 | Reached skill level 19 in Conjurations
 74408 | Depths:4 | Found a one-way gateway to a ziggurat.
 74960 | Depths:4 | Reached skill level 11 in Spellcasting
 75673 | Zot:1    | Entered Level 1 of the Realm of Zot
 76220 | Zot:1    | Reached skill level 12 in Spellcasting
 76292 | Zot:1    | +0 storm dragon scales {rare}; a storm dragon corpse
 76416 | Zot:1    | Identified +0 gold dragon scales
 76633 | Zot:1    | Gained mutation: A meltable icy envelope protects you from
                  | harm. (AC +8) [demonic ancestry]
 76633 | Zot:1    | Reached XP level 24. HP: 192/212 MP: 26/45
 76647 | Zot:1    | Reached skill level 13 in Spellcasting
 76791 | Zot:1    | +0 shadow dragon scales {rare}; a shadow dragon corpse
 76799 | Zot:1    | Noticed a curse toe
 76805 | Zot:1    | Killed a curse toe
 76810 | Zot:1    | Noticed an electric golem
 76811 | Zot:1    | +0 shadow dragon scales {rare}; a shadow dragon corpse
 76820 | Zot:1    | Killed an electric golem
 77088 | Zot:1    | +0 shadow dragon scales {rare}; a shadow dragon corpse
 77470 | Zot:2    | Reached skill level 14 in Spellcasting
 77518 | Zot:2    | Found a runed translucent gate.
 77518 | Zot:2    | Found a runed translucent gate.
 77518 | Zot:2    | Found a runed translucent gate.
 77597 | Zot:2    | Identified +0 gold dragon scales
 77600 | Zot:2    | +0 gold dragon scales {rare}; a golden dragon corpse
 77946 | Zot:2    | Noticed Eghefix's ghost (legendary GnFi)
 78808 | Zot:3    | Learned a level 8 spell: Lehudib's Crystal Spear
 79242 | Zot:3    | Noticed a Killer Klown
 79260 | Zot:3    | Killed a Killer Klown
 79439 | Zot:3    | magus.rc [v1.9.6]
 79475 | Zot:4    | Noticed a curse toe
 79481 | Zot:4    | HP: 48/208 [??? (23)]
 79482 | Zot:4    | Killed a curse toe
 79701 | Zot:4    | Reached skill level 16 in Dodging
 80022 | Zot:4    | Noticed Vv
 80037 | Zot:4    | Killed Vv
 80190 | Zot:4    | Identified Aqupapp's Folio of the Zealot
 80191 | Zot:4    | Identified the Vellum of Fire and Brimstone
 80254 | Zot:4    | You pick up a book of the Dragon and begin reading...
 80479 | Zot:4    | Reached skill level 18 in Fighting
 80579 | Zot:4    | Noticed Grunn
 80588 | Zot:4    | Killed Grunn
 81102 | Zot:4    | Identified the amulet "Munehaimp" {Acrobat rElec rF+ Will++
                  | Stlth+}
 81355 | Zot:5    | Entered Level 5 of the Realm of Zot
 81362 | Zot:5    | Found a runed translucent gate.
 81362 | Zot:5    | Found a runed translucent gate.
 81362 | Zot:5    | Found a runed translucent gate.
 81369 | Zot:5    | Found an ancient bone altar of Kikubaaqudgha.
 81369 | Zot:5    | Noticed an ancient lich
 81371 | Zot:5    | Noticed a dread lich
 81371 | Zot:5    | Noticed Dety Ygi's ghost (veteran MiMo)
 81371 | Zot:5    | Noticed Eghefix's ghost (legendary GnFi)
 81371 | Zot:5    | Identified the ring "Mughenkue" {rF+ rN+ Will+ AC+4}
 81371 | Zot:5    | Identified Kikubaaqudgha's Folio of Shades
 81371 | Zot:5    | Noticed Sial's ghost (veteran MiMo)
 81372 | Zot:5    | Identified the +0 hat of the Foremost Mice {Will+ Int+5
                  | SInv}
 81518 | Zot:5    | Identified +0 gold dragon scales
 81657 | Zot:5    | Reached skill level 17 in Dodging
 81712 | Zot:5    | Noticed a curse toe
 81712 | Zot:5    | Noticed an orb of fire
 81819 | Zot:5    | Gained mutation: You are completely covered in icy blue
                  | scales. (AC +4, rC+) [demonic ancestry]
 81819 | Zot:5    | Reached XP level 25. HP: 219/219 MP: 40/46
 81823 | Zot:5    | Noticed an orb of fire
 81829 | Zot:5    | Gained mutation: Armour fits poorly on your strangely
                  | shaped body. [an orb of fire]
 81829 | Zot:5    | Noticed a dread lich
 81830 | Zot:5    | Killed an orb of fire
 81830 | Zot:5    | Noticed a Killer Klown
 81836 | Zot:5    | Killed a dread lich
 81840 | Zot:5    | Killed a Killer Klown
 81852 | Zot:5    | Reached skill level 19 in Fighting
 81852 | Zot:5    | Noticed a Killer Klown
 81860 | Zot:5    | Noticed a Killer Klown
 81863 | Zot:5    | Killed a Killer Klown
 81866 | Zot:5    | Killed an orb of fire
 81868 | Zot:5    | Noticed an orb of fire
 81868 | Zot:5    | HP: 40/219 [orb of fire/fireball (23)]
 81875 | Zot:5    | Gained mutation: You sometimes lose your temper in combat.
                  | [an orb of fire]
 81880 | Zot:5    | HP: 35/219 [orb of fire/fireball (31)]
 82019 | Zot:5    | Killed a curse toe
 82042 | Zot:5    | Killed a Killer Klown
 82121 | Zot:5    | Gained mutation: Your spells are a little easier to cast,
                  | but a little less powerful. [an orb of fire]
 82129 | Zot:5    | Gained mutation: Your magical capacity is low. (-10% MP)
                  | [an orb of fire]
 82132 | Zot:5    | Killed an orb of fire
 82181 | Zot:5    | Lost mutation: Your magical capacity is low. (-10% MP)
                  | [potion of mutation]
 82181 | Zot:5    | Lost mutation: You passively map a small area around you.
                  | [potion of mutation]
 82181 | Zot:5    | Lost mutation: Armour fits poorly on your strangely shaped
                  | body. [potion of mutation]
 82181 | Zot:5    | Gained mutation: Your flesh is heat resistant. (rF+)
                  | [potion of mutation]
 82181 | Zot:5    | Gained mutation: Your flesh is cold resistant. (rC+)
                  | [potion of mutation]
 82181 | Zot:5    | Lost mutation: Your spells are a little easier to cast, but
                  | a little less powerful. [potion of mutation]
 82222 | Zot:5    | Noticed an electric golem
 82242 | Zot:5    | Killed an electric golem
 82373 | Zot:5    | Got the Orb of Zot
 82410 | Zot:5    | Reached skill level 18 in Dodging
 82475 | Zot:4    | Identified +2 pearl dragon scales
 82475 | Zot:4    | Noticed a seraph
 82826 | D:7      | Noticed Qeofuev the pandemonium lord
 82925 | D:$      | Escaped with the Orb!

Vanquished Creatures
  the Royal Jelly (Slime:5)
  A dread lich (Depths:3)
  3 orbs of fire (Zot:5)
  Saint Roka (Vaults:2)
  A curse toe (Zot:1)
  A profane servitor (Zot:4)
  2 bone dragons
  7 golden dragons
  Arachne (Spider:2)
  An electric golem (Zot:1)
  A doom hound (Zot:4)
  7 tentacled monstrosities
  Asterion (Spider:3)
  12 Orb Guardians (Zot:5)
  2 liches
  Grunn (Zot:4)
  2 quicksilver dragons
  4 sphinxes
  A deep elf master archer (Elf:3)
  2 titans (Depths:3)
  2 Executioners
  2 deep elf blademasters (Elf:3)
  A kraken (Shoals:1)
  16 acid blobs
  4 death cobs
  Agnes (D:14)
  8 storm dragons
  Aizul (Spider:3)
  7 azure jellies
  3 shadow dragons (Zot:1)
  3 tengu reavers
  Polyphemus (Shoals:4)
  3 rockslimes (Slime:5)
  6 fire giants
  3 draconian monks (Zot:4)
  5 frost giants
  A fenstrider witch (Shoals:3)
  5 draconian knights
  6 deep elf sorcerers (Elf:3)
  An iron dragon (Depths:1)
  14 vault wardens
  6 deep elf elementalists
  2 imperial myrmidons (Desolation)
  3 draconian scorchers
  A caustic shrike zombie (Depths:1)
  A balrug (Depths:1)
  2 draconian annihilators
  6 ghost moths
  7 emperor scorpions
  3 orc warlords
  12 ironbound preservers
  A spriggan defender (Depths:2)
  4 draconian stormcallers
  A draconian shifter (Zot:1)
  12 quicksilver oozes
  23 very ugly things
  10 ironbound thunderhulks
  3 formless jellyfish (Vaults:2)
  A broodmother (Spider:2)
  6 stone giants
  6 green draconians
  Nessos (D:15)
  3 black draconians
  2 vampire knights
  2 purple draconians (Zot:4)
  4 deep elf demonologists (Elf:3)
  11 dire elephants
  4 deep elf annihilators (Elf:3)
  A minotaur (Shoals:4)
  5 yellow draconians
  13 spark wasps
  3 white draconians
  2 red draconians
  9 ettins
  2 crystal guardians (Desolation)
  A green death (Zot:5)
  2 deep elf death magi
  2 merfolk javelineers (Shoals:2)
  5 merfolk impalers
  4 entropy weavers
  Josephine (D:15)
  3 deep elf high priests (Elf:3)
  3 fire dragons
  11 yaktaur captains
  5 ragged hierophants
  10 vault guards
  4 ice dragons
  A catoblepas (Shoals:4)
  Fannar (D:12)
  6 great orbs of eyes
  A juggernaut simulacrum (Depths:1)
  17 peacekeepers
  7 servants of whispers (Desolation)
  A hell beast (Depths:2)
  3 hydras
  A rakshasa (Depths:1)
  3 ghost crabs (Depths:1)
  15 centaur warriors
  A death knight (D:15)
  An ogre mage (D:13)
  9 ironbound frosthearts
  A spriggan air mage (Depths:2)
  3 alligator snapping turtles
  7 boulder beetles
  12 dancing weapons
  3 merfolk aquamancers
  A merfolk avatar (Shoals:3)
  3 sphinx zombies (Depths:1)
  11 death yaks
  A sphinx skeleton (Depths:1)
  An orc high priest (Orc:1)
  6 tengu warriors
  13 deep troll shamans
  3 spriggan berserkers
  10 deep troll earth magi
  5 demonic crawlers
  6 hell knights
  5 occultists
  11 satyrs
  Urug (Orc:1)
  3 vampire magi (Depths:3)
  8 deep elf knights (Elf:1)
  A soul eater (Depths:2)
  9 iron trolls
  A storm dragon zombie (Depths:1)
  8 skysharks
  2 spark wasp zombies (Depths:1)
  4 pharaoh ants
  Amaemon (Lair:2)
  57 deep trolls
  2 sun moths
  16 sea snakes
  7 orb spiders
  2 golden dragon zombies (Depths:1)
  4 glowing orange brains
  3 tengu zombies (Depths:1)
  19 ironbound convokers
  3 necromancers
  3 arcanists
  4 deep elf archers
  A shadow dragon zombie (Depths:1)
  8 steelbarb worms
  A sphinx simulacrum (Depths:1)
  2 orc knights
  2 phantasmal warriors
  An iron dragon zombie (Depths:1)
  2 frost giant zombies (Depths:1)
  14 wolf spiders
  23 harpies
  6 orc sorcerers
  3 lindwurms (Vaults:1)
  21 fauns
  21 ugly things
  24 deep elf zephyrmancers
  A tengu skeleton (Depths:1)
  31 deep elf pyromancers
  2 stone giant zombies (Depths:1)
  5 cyclopes
  3 shining eyes (Slime:5)
  2 worldbinders (Depths:1)
  15 manticores
  A fire giant zombie (Depths:1)
  A stone giant skeleton (Depths:1)
  A black mamba (Lair:5)
  9 elephants
  19 moths of wrath
  9 merfolk sirens
  5 torpor snails
  2 naga magi (Depths:1)
  2 smoke demons (Depths:1)
  4 water nymphs
  10 cane toads
  13 vault sentinels
  Maggie (D:6)
  3 centaur skeletons (D:13)
  4 gargoyles
  An orange demon (Lair:2)
  2 rime drakes
  Jeremiah (D:8)
  6 komodo dragons
  38 yaktaurs
  2 kobold demonologists
  4 freezing wraiths
  An elf (Depths:3)
  A golden dragon simulacrum (Depths:1)
  5 tengu conjurers
  10 trolls
  23 merfolk
  3 wind drakes
  4 nameless horrors
  61 saltlings
  25 tarantellas
  A raiju (shapeshifter) (D:15)
  4 dream sheep (Shoals:2)
  7 blink frogs
  An ettin zombie (Depths:1)
  2 glass eyes
  3 spriggan zombies (Depths:1)
  A centaur simulacrum (D:14)
  8 snapping turtles
  3 air elementals (Elf:3)
  87 slime creatures
  17 culicivoras
  27 jumping spiders
  3 fire elementals
  5 wraiths
  A yak (shapeshifter) (Elf:3)
  2 ynoxinuls
  41 yaks
  4 wyverns
  19 water elementals
  A hog (Spider:1)
  3 humans
  8 basilisks
  3 golden eyes (Slime:1)
  2 steam dragons
  52 redbacks
  5 wargs
  10 vampire mosquitoes
  A human zombie (Depths:1)
  A glowing shapeshifter zombie (Depths:1)
  3 harpy simulacra (Depths:1)
  2 swamp worms (Lair:3)
  9 water moccasins
  3 acid dragons
  A glowing shapeshifter skeleton (Depths:1)
  45 orc warriors
  A sky beast (D:7)
  4 small abominations
  2 black bears
  17 wolves
  8 boggarts
  16 centaurs
  10 ogres
  A kobold brigand (D:7)
  3 earth elementals
  12 bullfrogs
  A scorpion (D:7)
  4 gnoll sergeants
  12 wights
  5 killer bees (D:7)
  3 elephant simulacra (Depths:1)
  A howler monkey (D:8)
  12 electric eels
  4 hounds
  21 orc priests
  A gnoll bouda (D:9)
  A sleepcap (D:6)
  An iguana (D:4)
  28 orc wizards
  A troll simulacrum (Depths:1)
  2 spectral hounds (Depths:3)
  21 gnolls
  10 adders
  A naga simulacrum (Depths:1)
  A white imp (D:8)
  2 worms
  3 dart slugs
  88 orcs
  9 ball pythons
  8 bats
  5 endoplasms
  8 giant cockroaches
  6 hobgoblins
  10 jackals
  9 quokkas
  3 frilled lizards
  9 goblins
  25 kobolds
  2 rats (D:2)
  2 snaplasher vines
  3 tentacles (Shoals:1)
1935 creatures vanquished.

Vanquished Creatures (collateral kills)
  A dread lich (Zot:5)
  4 Killer Klowns
  Vv (Zot:4)
  2 curse toes
  2 golden dragons
  Nikola (Spider:3)
  Norris (Depths:3)
  2 bone dragons (Depths:4)
  2 doom hounds (Zot:4)
  An electric golem (Zot:5)
  7 tentacled monstrosities
  10 Orb Guardians (Zot:5)
  A lich (Depths:2)
  A quicksilver dragon (Depths:4)
  A walking frostbound tome (Depths:1)
  A deep elf master archer (Elf:3)
  3 death cobs
  An Executioner (Zot:5)
  Gastronok (Lair:3)
  4 storm dragons
  4 shadow dragons
  A tengu reaver (Depths:3)
  4 draconian monks (Zot:4)
  A demonspawn warmonger (D:15)
  A rockslime (Slime:5)
  A draconian knight (Zot:4)
  A deep elf elementalist (Elf:3)
  A fire giant (Depths:3)
  6 frost giants
  A draconian scorcher (Zot:4)
  2 orc warlords (Orc:2)
  2 draconian stormcallers (Zot:4)
  A cacodemon (Depths:2)
  7 very ugly things
  3 reapers
  A spriggan defender (Depths:2)
  2 stone giants (Depths:2)
  4 green draconians
  An ironbound preserver (Vaults:3)
  A deep elf annihilator (Elf:3)
  4 black draconians
  2 yellow draconians (Zot:4)
  5 purple draconians
  2 red draconians (Zot:2)
  2 dire elephants (Vaults:3)
  A white draconian (Zot:3)
  A deep elf death mage (Elf:3)
  3 ettins (Depths:3)
  2 vault guards
  An ice dragon (Depths:1)
  A hydra (Lair:3)
  3 peacekeepers (Desolation)
  A two-headed ogre (Depths:3)
  2 centaur warriors (Vaults:3)
  A tengu warrior (Depths:2)
  3 deep troll shamans
  A death yak (Lair:4)
  A demonic crawler (Spider:2)
  2 deep troll earth magi (Depths:2)
  An occultist (Depths:2)
  A hell knight (Depths:3)
  A skyshark (Shoals:1)
  A skeletal warrior (D:13)
  6 iron trolls
  4 large abominations
  6 deep trolls
  5 ironbound convokers
  A deep elf archer (D:13)
  A phantasmal warrior (Depths:4)
  An arcanist (Depths:3)
  A deep elf zephyrmancer (D:13)
  A shining eye (Slime:4)
  2 ugly things
  2 cyclopes
  2 elephants
  6 moths of wrath
  A vault sentinel (Vaults:3)
  A guardian serpent (Desolation)
  A torpor snail (Spider:2)
  A cane toad (Lair:1)
  A freezing wraith (D:15)
  A troll (D:11)
  15 saltlings (Desolation)
  A glass eye (Slime:5)
  A blink frog (Lair:2)
  A dream sheep (Shoals:2)
  4 slime creatures
  A vampire (Depths:3)
  7 yaks
  A water moccasin (Lair:2)
  4 orc warriors (Orc:2)
  A small abomination (Lair:5)
  2 wolves
  2 centaurs (Depths:3)
  A kobold brigand (D:11)
  2 bullfrogs
  3 orc priests (Orc:2)
  2 orc wizards (Orc:2)
  A boggart skeleton (D:13)
  A gnoll (D:11)
  10 orcs
  3 kobolds
  A butterfly (Lair:3)
242 creatures vanquished.

Vanquished Creatures (others)
  A spark wasp (Spider:3)
  2 deep elf knights (Elf:1)
  A pharaoh ant (Spider:3)
  A glowing orange brain (Depths:1)
  A deep elf pyromancer (Elf:1)
  A wolf spider (Spider:3)
  A merfolk siren (Shoals:2)
  A jumping spider (Spider:3)
  A hog (Spider:1)
  A redback (Spider:1)
  3 orcs
  10 snaplasher vines
  4 tentacles (Shoals:1)
28 creatures vanquished.

Grand Total: 2205 creatures vanquished

Table legend:
 A = Non-vault XP
 B = Vault XP
 C = Vault XP percentage of total XP
 D = Non-vault monster count
 E = Vault monster count
 F = Vault count percentage of total count
                 A         B        C        D         E       F
            +---------+---------+-------+---------+---------+-------
      Total |  664389 |  538831 |  44.8 |    1368 |     774 |  36.1
            +---------+---------+-------+---------+---------+-------
        D:1 |      49 |       0 |   0.0 |      26 |       0 |   0.0
        D:2 |      76 |       0 |   0.0 |      27 |       0 |   0.0
        D:3 |      64 |       4 |   5.9 |      20 |       2 |   9.1
        D:4 |     128 |       0 |   0.0 |      22 |       0 |   0.0
        D:5 |     334 |       0 |   0.0 |      10 |       0 |   0.0
        D:6 |     987 |     415 |  29.6 |      22 |       1 |   4.3
        D:7 |    1202 |       0 |   0.0 |      25 |       0 |   0.0
        D:8 |    1325 |     358 |  21.3 |      36 |       1 |   2.7
        D:9 |    1624 |       0 |   0.0 |      17 |       0 |   0.0
       D:10 |    1267 |     115 |   8.3 |       9 |       1 |  10.0
       D:11 |    4510 |     868 |  16.1 |      39 |       7 |  15.2
       D:12 |    2864 |    1493 |  34.3 |      10 |       2 |  16.7
       D:13 |    8058 |    5867 |  42.1 |      24 |      15 |  38.5
       D:14 |    6208 |    1435 |  18.8 |      16 |       1 |   5.9
       D:15 |   12658 |    5504 |  30.3 |      22 |       8 |  26.7
     Lair:1 |    4282 |     200 |   4.5 |      21 |       1 |   4.5
     Lair:2 |    7328 |    2495 |  25.4 |      33 |       5 |  13.2
     Lair:3 |    7619 |    3579 |  32.0 |      26 |       9 |  25.7
     Lair:4 |   10104 |       0 |   0.0 |      23 |       0 |   0.0
     Lair:5 |   10822 |     456 |   4.0 |      29 |       3 |   9.4
   Shoals:1 |   11254 |       0 |   0.0 |      20 |       0 |   0.0
   Shoals:2 |    9534 |    2183 |  18.6 |      22 |       6 |  21.4
   Shoals:3 |   31074 |    2113 |   6.4 |      56 |       2 |   3.4
   Shoals:4 |    9443 |   31833 |  77.1 |      19 |      44 |  69.8
   Spider:1 |   10409 |      92 |   0.9 |      30 |       1 |   3.2
   Spider:2 |   14577 |    5374 |  26.9 |      42 |       7 |  14.3
   Spider:3 |   13023 |    7975 |  38.0 |      32 |       7 |  17.9
   Spider:4 |   12746 |   21412 |  62.7 |      33 |      41 |  55.4
    Slime:1 |    6480 |       0 |   0.0 |      18 |       0 |   0.0
    Slime:2 |    2705 |       0 |   0.0 |       6 |       0 |   0.0
    Slime:3 |    3699 |       0 |   0.0 |      12 |       0 |   0.0
    Slime:4 |    4575 |     949 |  17.2 |       9 |       4 |  30.8
    Slime:5 |   13216 |   21328 |  61.7 |      32 |      17 |  34.7
      Orc:1 |    6096 |     924 |  13.2 |      38 |       2 |   5.0
      Orc:2 |    5401 |    6160 |  53.3 |      50 |      69 |  58.0
      Elf:1 |   19398 |   13167 |  40.4 |      33 |      20 |  37.7
      Elf:2 |    5664 |    3311 |  36.9 |      10 |       4 |  28.6
      Elf:3 |    7834 |   36260 |  82.2 |      15 |      33 |  68.8
   Vaults:1 |   38127 |   23668 |  38.3 |      55 |      36 |  39.6
   Vaults:2 |   17869 |   28775 |  61.7 |      32 |      44 |  57.9
   Vaults:3 |   44589 |   26127 |  36.9 |      58 |      33 |  36.3
   Depths:1 |   41041 |   40378 |  49.6 |      47 |      72 |  60.5
   Depths:2 |   25803 |   18080 |  41.2 |      29 |      18 |  38.3
   Depths:3 |   42252 |   45353 |  51.8 |      48 |      71 |  59.7
   Depths:4 |   46130 |   17578 |  27.6 |      54 |      15 |  21.7
      Zot:1 |   56608 |       0 |   0.0 |      42 |       0 |   0.0
      Zot:2 |   15857 |       0 |   0.0 |      13 |       0 |   0.0
      Zot:3 |   32110 |       0 |   0.0 |      26 |       0 |   0.0
      Zot:4 |   27489 |   36079 |  56.8 |      25 |      26 |  51.0
      Zot:5 |    7877 |   74977 |  90.5 |       5 |      34 |  87.2
 Desolation |       0 |   51946 | 100.0 |       0 |     112 | 100.0
            +---------+---------+-------+---------+---------+-------

Skill      XL: |  1  2  3  4  5  6  7  8  9 10 11 12 13 14 15 16 17 18 19 20 21 22 23 24 25 |
---------------+----------------------------------------------------------------------------+-----
Stealth        | 2 |  2.5
Fighting       | 2 3 4 5 9 10 11 12 13 15 16 17 18 19 | 19.7
Spellcasting   | 3 4 6 10 12 14 | 14.9
Conjurations   | 5 6 9 10 11 12 14 19 | 19.2
Dodging        | 2 4 6 8 9 11 13 14 15 17 18 | 18.1
Summonings     | 2 7 9 10 16 | 16.4
Earth Magic    | 1 4 8 |  8.4
Shields        | 3 5 9 12 13 14 | 14.7
Short Blades   | 2 |  2.5
Transmutations | 5 6 7 |  7.5
Maces & Flails | 5 6 |  6.1
Hexes          | 4 6 7 |  7.0
Polearms       | 1 6 10 | 10.0
Translocations | 2 7 8 |  8.0
Ice Magic      | 1 5 |  5.9
Air Magic      | 1 5 |  5.9
Armour         | 5 |  5.8
Evocations     | 5 |  5.8
Necromancy     | 11 13 | 13.0

Action                     |  1- 3 |  4- 6 |  7- 9 | 10-12 | 13-15 | 16-18 | 19-21 | 22-24 | 25-27 || total
---------------------------+-------+-------+-------+-------+-------+-------+-------+-------+-------++-------
  Melee: Dagger            |     6 |     7 |    22 |    97 |       |       |       |       |       ||   132
         Trident           |       |     1 |       |       |       |       |       |       |       ||     1
         Headbutt          |       |     1 |     5 |    38 |   150 |   280 |   436 |   444 |    26 ||  1380
         Demon whip        |       |       |       |    48 |   122 |       |       |       |       ||   170
         Demon trident     |       |       |       |       |   608 |  1132 |  1556 |  1358 |    78 ||  4732
  Throw: Dart              |       |     6 |       |       |    12 |       |       |       |       ||    18
   Cast: Magic Dart        |    66 |   119 |    96 |    97 |       |       |       |       |       ||   378
         Searing Ray       |     4 |    22 |    50 |     1 |       |       |       |       |       ||    77
         Call Canine Famil |       |       |    26 |    51 |    92 |     3 |       |       |       ||   172
         Stone Arrow       |       |       |    25 |   237 |   357 |   152 |    15 |     2 |       ||   788
         Irradiate         |       |       |       |    13 |    93 |    73 |    44 |    16 |     2 ||   241
         Leda's Liquefacti |       |       |       |       |    28 |    16 |    35 |    15 |     1 ||    95
         Summon Mana Viper |       |       |       |       |    19 |    35 |     9 |     5 |       ||    68
         Freezing Cloud    |       |       |       |       |     5 |   123 |   117 |    87 |       ||   332
         Wereblood         |       |       |       |       |       |    12 |    25 |    18 |     1 ||    56
         Yara's Violent Un |       |       |       |       |       |     5 |    11 |     3 |       ||    19
         Summon Forest     |       |       |       |       |       |       |    13 |    22 |     5 ||    40
         Spellforged Servi |       |       |       |       |       |       |       |    78 |    12 ||    90
         Bombard           |       |       |       |       |       |       |       |    36 |    13 ||    49
         Blink             |       |       |       |       |       |       |       |     1 |       ||     1
         Death Channel     |       |       |       |       |       |       |       |    14 |     1 ||    15
         Borgnjor's Vile C |       |       |       |       |       |       |       |    16 |     8 ||    24
 Invoke: Curse Item        |       |       |     4 |     4 |     3 |     3 |     4 |     2 |       ||    20
         Shatter the Chain |       |       |       |     4 |     2 |     3 |     1 |     2 |       ||    12
  Evoke: Wand              |       |       |     7 |     7 |    20 |    40 |     1 |     2 |     1 ||    78
         Condenser vane    |       |       |       |     1 |     4 |     2 |     1 |     2 |       ||    10
         Lightning rod     |       |       |       |       |       |       |     4 |     1 |       ||     5
    Use: Scroll            |       |     3 |     3 |     5 |    12 |     8 |     3 |    12 |     6 ||    52
         Potion            |       |     1 |     1 |     2 |     5 |     8 |     2 |     9 |     9 ||    37
   Stab: Distracted        |       |       |       |       |     6 |     4 |    18 |    23 |     2 ||    53
         Sleeping          |       |       |       |       |     5 |    10 |    17 |    10 |       ||    42
         Invisible         |       |       |       |       |       |     2 |     5 |       |       ||     7
 Armour: Robe              |    10 |       |       |       |       |       |       |       |       ||    10
         Leather armour    |       |    17 |    67 |     5 |       |     9 |   322 |   231 |    33 ||   684
         Skin              |       |       |     2 |       |       |       |       |       |       ||     2
         Steam dragon scal |       |       |       |   133 |   472 |   412 |       |       |       ||  1017
  Dodge: Dodged            |    10 |    12 |    76 |   137 |   341 |   391 |   384 |   432 |    62 ||  1845
  Block: Other             |     2 |     1 |    16 |       |       |       |       |       |       ||    19
         Buckler           |       |       |     6 |   152 |   193 |       |       |       |       ||   351
         Kite shield       |       |       |       |       |   613 |  1211 |   991 |   882 |    95 ||  3792

Illustrated notes

Table legend:
 A = Kills in this place as a percentage of kills in the entire game.
 B = Kills by you in this place as a percentage of kills by you in the entire game.
 C = Kills by friends in this place as a percentage of kills by friends in the entire game.
 D = Other kills in this place as a percentage of other kills in the entire game.
 E = Experience gained in this place as a percentage of experience gained in the entire game.
 F = Experience gained in this place divided by the number of levels of this place that you have seen.
                   A       B       C       D       E      F
               +-------+-------+-------+-------+-------+----------------------
         Total | 100.0 | 100.0 | 100.0 | 100.0 | 100.0 | 22517.8
       Dungeon |  17.0 |  18.4 |   6.7 |   0.0 |   5.0 | 4083.8
          Lair |   7.0 |   7.0 |   7.1 |   0.0 |   3.9 | 9377.0
        Shoals |   7.8 |   8.7 |   1.2 |  11.1 |   8.0 | 24358.5
   Spider Nest |   9.0 |   9.8 |   1.2 |  33.3 |   7.0 | 21402.0
    Slime Pits |   4.6 |   4.8 |   2.5 |   0.0 |   4.4 | 10590.4
  Orcish Mines |   7.4 |   7.5 |   6.7 |  11.1 |   1.5 | 9290.5
   Elven Halls |   5.3 |   5.7 |   1.7 |  33.3 |   7.0 | 28544.7
        Vaults |  12.0 |  12.8 |   6.2 |   0.0 |  14.7 | 44788.8
        Depths |  16.4 |  15.0 |  27.9 |  11.1 |  22.7 | 69153.8
           Zot |   8.3 |   5.6 |  30.4 |   0.0 |  21.4 | 51979.2
    Desolation |   5.2 |   4.8 |   8.3 |   0.0 |   4.3 | 51946.0
               +-------+-------+-------+-------+-------+----------------------

Table legend: (Time is in decaauts)
 A = Elapsed time spent in this place.
 B = Non-inter-level travel time spent in this place.
 C = Inter-level travel time spent in this place.
 D = Time resting spent in this place.
 E = Time spent auto-exploring this place.
 F = Levels seen in this place.
 G = Mean time per level.
                   A        B        C        D        E       F      G
               +--------+--------+--------+--------+--------+-----+--------+
         Total |  81957 |  75206 |   6751 |  20548 |  37948 |  54 | 1517.7 |
       Dungeon |  25479 |  22381 |   3098 |   6916 |  12000 |  15 | 1698.6 |
        Temple |     20 |     11 |      9 |      0 |      0 |   1 |   20.0 |
          Lair |  10616 |   9592 |   1024 |   3458 |   4667 |   5 | 2123.2 |
        Shoals |   8465 |   8195 |    270 |   2527 |   4022 |   4 | 2116.2 |
   Spider Nest |   5204 |   4977 |    227 |   1171 |   2587 |   4 | 1301.0 |
    Slime Pits |   1070 |   1022 |     48 |    187 |    115 |   5 |  214.0 |
  Orcish Mines |   5162 |   4780 |    382 |   2293 |   1595 |   2 | 2581.0 |
   Elven Halls |   3302 |   3005 |    297 |    222 |   2143 |   3 | 1100.7 |
        Vaults |   5509 |   5212 |    297 |    437 |   3494 |   4 | 1377.2 |
        Depths |   7788 |   6982 |    806 |   1527 |   3119 |   4 | 1947.0 |
           Zot |   6755 |   6467 |    288 |    993 |   3797 |   5 | 1351.0 |
         Trove |     80 |     80 |      0 |      0 |      0 |   1 |   80.0 |
    Desolation |   2501 |   2501 |      0 |    816 |    407 |   1 | 2501.0 |
               +--------+--------+--------+--------+--------+-----+--------+

Top non-repeatable levels by time:
     D:6: 3891 daAuts
  Lair:2: 3131 daAuts
   Orc:1: 3004 daAuts
Shoals:2: 2901 daAuts
Depths:1: 2721 daAuts
Depths:3: 2682 daAuts
Desolation: 2501 daAuts
  Lair:3: 2466 daAuts
    D:11: 2203 daAuts
   Orc:2: 2158 daAuts
     D:8: 2083 daAuts
    D:15: 2041 daAuts
     D:7: 2001 daAuts
  Lair:1: 1918 daAuts
Shoals:3: 1911 daAuts
